 Dungeon Crawl Stone Soup version 0.31-a0-149-g3fdcc5976a (webtiles) character file.

Game seed: 5188879138500470863

445728 qw the Conqueror (level 23, -5/240 HPs)
             Began as a Minotaur Hunter on June 7, 2023.
             Was a High Priest of Okawaru.
             Slain by a titan (32 damage)
             ... on level 5 of the Vaults.
             The game lasted 00:26:30 (48270 turns).

qw the Conqueror (Minotaur Hunter)                 Turns: 48270, Time: 00:26:31

Health: -5/240     AC: 24    Str: 22    XL:     23   Next: 10%
Magic:  27/31      EV: 46    Int:  6    God:    Okawaru [*****.]
Gold:   1025       SH:  0    Dex: 31    Spells: 22/22 levels left

rFire   + . .        i - +4 longbow of Somewhere Else {flame, Str+3}
rCold   + . .        (shield currently unavailable)
rNeg    . . .        o - +4 ring mail of the Devil {Slay+2}
rPois   +            A - +3 hat of the Eternal Fruit {Regen+ Slay+3}
rElec   .            p - scarf {rC+ rF+}
rCorr   .            z - +0 pair of fencer's gloves {Riposte Dex+3}
SInv    .            j - +2 pair of boots {Fly}
Will    +....        y - amulet "Ottyha" {Faith Contam rPois Will++}
Stlth   +++          k - +6 ring of dexterity
HPRegen 1.40/turn    v - +5 ring of evasion
MPRegen 0.22/turn

%: faith
@: about to teleport, weak-willed, heroic, finesse-ful, marked, flying
A: horns 2, retaliatory headbutt
}: 2/15 runes: serpentine, barnacled
a: Renounce Religion, Heroism, Finesse, Duel


You were on level 5 of the Vaults.
You worshipped Okawaru.
Okawaru was extremely pleased with you.
You visited 8 branches of the dungeon, and saw 40 of its levels.

You collected 4794 gold pieces.
You spent 3769 gold pieces at shops.


Innate Abilities, Weirdness & Mutations

You have a pair of horns on your head.
You reflexively headbutt those who attack you in melee.


   Skills:
 O Level 27 Fighting
 - Level 22.0(27) Ranged Weapons
 - Level 22.0(27) Armour
 - Level 22.0(27) Dodging
 - Level 0.7(5.7) Stealth
 + Level 12.0 Invocations


You had 22 spell levels left.
You didn't know any spells.
Your spell library was empty.

Inventory:

Hand Weapons
 i - the +4 longbow of Somewhere Else (weapon) {flame, Str+3}
   (Okawaru gifted it to you on level 5 of the Lair of Beasts)

   Str:       It affects your strength (+3).
Armour
 j - a +2 pair of boots of flying (worn)
 n - a +1 cloak of poison resistance
 o - the +4 ring mail of the Devil (worn) {Slay+2}
   (You found it on level 1 of the Lair of Beasts)

   Slay:      It affects your accuracy & damage with ranged weapons and melee
   (+2).
 p - a scarf of resistance (worn)
 t - a +2 robe of fire resistance
 z - the +0 pair of fencer's gloves (worn) {Riposte Dex+3}
   (Okawaru gifted it to you on level 4 of the Shoals)

   Riposte:   It allows the wearer to riposte with melee weapons, swiftly
   retaliating against missed or blocked melee attacks.
   Dex:       It affects your dexterity (+3).
 A - the +3 hat of the Eternal Fruit (worn) {Regen+ Slay+3}
   (Okawaru gifted it to you on level 1 of the Depths)

   Slay:      It affects your accuracy & damage with ranged weapons and melee
   (+3).
   Regen:     It increases your rate of health regeneration.
 D - the +5 ring mail of Zaz Boc {Harm +Blink rElec Regen+ rCorr Dex-2}
   (You found it on level 4 of the Shoals)

   Dex:       It affects your dexterity (-2).
   rElec:     It insulates you from electricity.
   +Blink:    It lets you blink.
   Regen:     It increases your rate of health regeneration.
   rCorr:     It protects you from acid and corrosion.
   Harm:      It increases damage dealt and taken.
Jewellery
 c - an amulet of reflection
 k - a +6 ring of dexterity (left hand)
 v - a +5 ring of evasion (right hand)
 x - the ring "Nuoppesk" {rF+ rCorr Str+6}
   (You bought it in a shop on level 4 of the Snake Pit)

   [ring of resist corrosion]

   Str:       It affects your strength (+6).
   rF:        It protects you from fire.
   rCorr:     It protects you from acid and corrosion.
 y - the amulet "Ottyha" (around neck) {Faith Contam rPois Will++}
   (You bought it in a shop on level 4 of the Snake Pit)

   [amulet of faith]

   It allows you to gain divine favour quickly.
   rPois:     It protects you from poison.
   Contam:    It causes magical contamination when unequipped.
   Will:      It greatly increases your willpower.
Wands
 g - a wand of digging (4)
Scrolls
 a - a scroll of identify
 b - 4 scrolls of teleportation
 m - 2 scrolls of enchant weapon
Potions
 d - 6 potions of might
 e - 10 potions of haste
 f - 5 potions of heal wounds
 h - 10 potions of mutation
 l - 4 potions of magic
 q - 7 potions of curing
 w - a potion of cancellation

Dungeon Overview and Level Annotations

Branches:
Dungeon (15/15)            Temple (1/1) D:4            Lair (5/5) D:9
 Shoals (4/4) Lair:3        Snake (4/4) Lair:3        Slime (0/5) Lair:5
    Orc (2/2) D:9             Elf (0/3) Orc:2        Vaults (5/5) D:14
  Crypt (0/3) Vaults:2     Depths (4/4) D:15            Zot (0/5) Depths:4

Altars:
Ashenzari
Cheibriados
Dithmenos
Elyvilon
Fedhas
Gozag
Hepliaklqana
Kikubaaqudgha
Makhleb
Nemelex Xobeh
Okawaru
Qazlal
Ru
Sif Muna
Trog
Uskayaw
Vehumet
Wu Jian
Xom
Yredelemnul
Zin
The Shining One

Shops:
D:4 =   D:14 (   Orc:2 :[((   Shoals:1 *   Shoals:3 *   Snake:4 =:=
Vaults:2 [   Vaults:4 *   Depths:1 ??[

Portals:
Hell: Depths:1 Depths:2 Depths:3 Depths:4
Abyss: Depths:2 Depths:3
Pandemonium: Depths:2
Ziggurat: Depths:3
Trove: Vaults:1 (give 2 scrolls of acquirement)

Annotations:
D:12 3 runed translucent doors, qw's ghost, journeyman MiHu
Lair:5 1 runed translucent door
Shoals:1 3 runed translucent doors, qw's ghost, adept GrFi
Orc:1 2 transporters, TarVian's ghost, journeyman MiFi
Vaults:1 3 runed translucent doors, Forgeling's ghost, adept FeEn
Depths:2 1 runed translucent door


Message History

The orb spider changes into an eye of devastation!
The quicksilver dragon barely misses you.
You furiously retaliate!
You headbutt the quicksilver dragon.
The quicksilver dragon completely misses you.
The vault sentinel blows a loud note on a signal horn!
The titan closely misses you.
A stone giant comes into view.
The vault warden completely misses you. The vault guard completely misses you.
A fire giant comes into view.
It is wielding a +2 great sword of flaming.
The ironbound preserver is empowered by something's aura!
An ogre mage comes into view.
It is wielding a +2 flail of holy wrath.
The phantasmal warrior gestures at you.
The phantasmal warrior blinks!
The stone giant hits you!! The vault guard completely misses you.
A frost giant comes into view.
It is wielding a +1 battleaxe of freezing.
The fire giant completely misses you.
A vault guard comes into view. It is wielding a +3 war axe.
A stone giant comes into view.
An ironbound preserver comes into view. It is wielding a +0 flail.
The tengu reaver hits you but does no damage.
Enter note:
Enter note:
Enter note:
Enter note:
Enter note:
Enter note:
Enter note:
Enter note:
48270 ||| DRINKING 6 potions of heal wounds.
You feel much better.
The anaconda changes into a spark wasp!
The quicksilver dragon bites you but does no damage.
The quicksilver dragon completely misses you.
The vault sentinel blows a loud note on a signal horn!
The quicksilver dragon completely misses you. x2
The storm dragon completely misses you. You furiously retaliate!
You headbutt the storm dragon! The storm dragon misses you.
The storm dragon completely misses you. The stone giant misses you.
The titan hits you!!
You die...

......#.p..#
...p..#....# #
.....p#....# .#
C...#....#...
p.C.C..e.y.C
#####CQpcCp.C##
.....CpDCQ.....
....WCC@ppW....
.....DCXDpC....
.....p.pCp.....
#####.....W..##
...p.......
G#.#....#C.O
e#.##....#ee.
C#.. #...W# .C


You could see a shadow dragon, a tentacled monstrosity, 3 ironbound preservers,
4 titans, a storm dragon, 2 frost giants, 3 fire giants, a quicksilver dragon, 4
stone giants, 5 vault wardens, 2 tengu reavers, a yaktaur captain, 3 vault
guards, a deep elf annihilator, a deep elf death mage, 4 ettins, a spark wasp
shaped shifter, a flayed ghost, an eye of devastation shaped shifter, an ogre
mage, 2 vault sentinels, 2 deep elf high priests, 3 phantasmal warriors and an
ironbound convoker.

Vanquished Creatures
  An ancient lich (Depths:3)
  A juggernaut (Depths:2)
  Mennas (Depths:3)
  Saint Roka (Vaults:1)
  2 golden dragons (Depths:4)
  the Enchantress (Depths:3)
  3 tentacled monstrosities
  4 liches
  2 titans (Depths:2)
  A walking crystal tome (Depths:3)
  2 walking divine tomes (Depths:3)
  Frances (D:13)
  Kirke (Shoals:1)
  5 sphinxes
  2 tengu reavers (Depths:2)
  4 shadow dragons
  Ilsuiw (Shoals:3)
  Roxanne (Shoals:3)
  A storm dragon (Shoals:4)
  A draconian monk (Depths:4)
  A frost giant (shapeshifter) (Depths:2)
  2 iron dragons
  2 nagarajas
  6 fire giants
  9 frost giants
  Aizul (Snake:1)
  3 orc warlords
  A draconian shifter (Depths:4)
  7 vault wardens
  17 ironbound preservers
  6 spriggan defenders
  16 very ugly things
  15 stone giants
  2 formless jellyfish
  3 war gargoyles
  A green draconian (Depths:4)
  5 vampire knights
  11 dire elephants
  11 ironbound thunderhulks
  Azrael (D:13)
  A yellow draconian (Depths:4)
  A deep elf annihilator (Vaults:1)
  A lorocyproca (Depths:2)
  An iron golem (Depths:4)
  2 spark wasps (Depths:2)
  A purple draconian (Depths:4)
  2 merfolk javelineers (Shoals:4)
  Snorg (Orc:1)
  4 crystal guardians
  8 ettins
  11 yaktaur captains
  2 deep elf high priests
  2 entropy weavers (Vaults:3)
  3 fire dragons
  A hell beast (Depths:1)
  7 great orbs of eyes
  Erolcha (D:13)
  7 hydras
  24 vault guards
  8 spriggan air magi
  14 merfolk impalers
  6 ice dragons
  2 rakshasas
  5 salamander tyrants
  2 ogre magi
  15 anacondas
  A catoblepas (Lair:5)
  6 peacekeepers
  12 centaur warriors
  6 two-headed ogres
  A satyr (Shoals:4)
  8 ironbound frosthearts
  9 deep troll shamans
  An alligator snapping turtle (Shoals:4)
  10 boulder beetles
  3 dancing weapons
  2 merfolk aquamancers (Shoals:4)
  5 death yaks (Lair:5)
  9 deep troll earth magi
  6 spriggan berserkers
  A hell hog (Depths:1)
  A vampire mage (Depths:1)
  15 naga warriors
  6 tengu warriors
  9 naga sharpshooters
  A sun demon (Depths:2)
  11 shock serpents
  Nergalle (D:11)
  4 orc high priests (Orc:2)
  17 hell knights
  2 soul eaters
  15 skeletal warriors
  A fire crab (shapeshifter) (D:15)
  9 skysharks
  53 deep trolls
  8 iron trolls
  7 salamander mystics
  A quicksilver dragon simulacrum (Depths:1)
  10 sea snakes
  2 flayed ghosts (Depths:2)
  6 glowing orange brains
  2 phantasmal warriors (Depths:1)
  5 naga ritualists
  18 ironbound convokers
  12 lindwurms
  A mana viper (shapeshifter) (Depths:2)
  4 wizards
  11 mana vipers
  Pikel (D:4)
  15 orc knights
  4 orc sorcerers (Orc:2)
  2 necromancers
  42 ugly things
  8 large abominations (Depths:3)
  11 manticores
  An oklob plant (Lair:3)
  34 salamanders
  A wolf spider (D:13)
  14 fauns
  2 sphinx skeletons
  5 human skeletons
  14 cyclopes
  An elephant (shapeshifter) (Depths:1)
  A fire giant skeleton (Vaults:2)
  10 elephants
  A stone giant skeleton (Vaults:2)
  9 merfolk sirens
  40 black mambas
  7 guardian serpents
  16 water nymphs
  15 naga magi
  2 gargoyles
  15 vault sentinels
  15 cane toads
  An unseen horror (Depths:3)
  A torpor snail (Lair:5)
  Maggie (D:7)
  An unseen horror (shapeshifter) (D:13)
  An orange demon (Depths:2)
  27 yaktaurs
  4 efreet
  3 rime drakes
  7 komodo dragons
  5 tengu conjurers
  A red devil (Depths:2)
  A yaktaur skeleton (Vaults:2)
  18 merfolk
  7 trolls
  15 polar bears
  A merfolk (shapeshifter) (Vaults:1)
  A tengu simulacrum (Vaults:3)
  A hornet (Depths:4)
  A sphinx simulacrum (Vaults:3)
  12 wind drakes
  28 dream sheep
  39 blink frogs
  7 raiju (Lair:5)
  12 snapping turtles
  33 slime creatures
  3 air elementals (Shoals:4)
  2 jumping spiders (Vaults:3)
  4 spriggans
  A deep troll skeleton (Vaults:2)
  2 shadows
  44 yaks
  25 water elementals
  A wraith (D:12)
  5 humans (Shoals:1)
  4 wyverns
  A basilisk (shapeshifter) (Depths:2)
  2 hogs (Shoals:1)
  10 basilisks
  2 chaos spawn (Depths:3)
  3 fire elementals (D:13)
  2 redbacks (Vaults:3)
  2 steam dragons
  7 vampire mosquitoes
  11 wargs
  38 nagas
  10 water moccasins
  12 hell hounds
  5 acid dragons
  A floating eye (Depths:2)
  23 orc warriors
  2 sky beasts
  A meliai simulacrum (D:14)
  An ice beast (D:5)
  12 black bears
  4 boggarts (Lair:5)
  5 ogres
  12 centaurs
  A lemure (D:4)
  28 wolves
  A phantom (D:7)
  4 kobold brigands
  9 bullfrogs
  3 gnoll sergeants
  3 scorpions
  4 small abominations (Depths:3)
  7 wights
  An electric eel (Lair:2)
  5 howler monkeys
  A jelly (D:6)
  A hound (D:6)
  20 orc priests
  Jessica (D:2)
  6 iguanas
  3 sleepcaps
  35 orc wizards
  Robin (D:2)
  11 gnolls
  6 adders
  3 shadow imps
  3 white imps
  An ufetubus (D:5)
  A worm (D:2)
  3 dart slugs
  80 orcs
  13 ball pythons
  8 bats
  4 endoplasms
  3 giant cockroaches
  17 goblins
  12 hobgoblins
  2 jackals (D:3)
  28 kobolds
  2 quokkas
  7 frilled lizards
  2 rats (D:1)
1711 creatures vanquished.

Vanquished Creatures (others)
  A sea snake (Shoals:4)
  An unseen horror (shapeshifter) (D:13)
  A water elemental (Shoals:4)
3 creatures vanquished.

Grand Total: 1714 creatures vanquished

Notes
Turn   | Place    | Note
-------+----------+-------------------------------------------
     0 | D:1      | qw the Minotaur Hunter began the quest for the Orb.
     0 | D:1      | Reached XP level 1. HP: 18/18 MP: 0/0
     0 | D:1      | 0 ||| qw: Version: 0.2-a-117-gc6b5c8b
     0 | D:1      | 0 ||| qw: Game counter: 2624
     0 | D:1      | 0 ||| qw: Always use a shield: true
     0 | D:1      | 0 ||| qw: God list: Okawaru
     0 | D:1      | 0 ||| qw: Allow faded altars: false
     0 | D:1      | 0 ||| qw: Do Orc after D:15 true
     0 | D:1      | 0 ||| qw: Do second Lair branch before Depths: true
     0 | D:1      | 0 ||| qw: Lair rune preference: random
     0 | D:1      | 0 ||| qw: Plans: Normal
     0 | D:1      | 0 ||| PLANNING D:1-11
    98 | D:1      | Reached XP level 2. HP: 25/25 MP: 1/1
   228 | D:1      | Reached skill level 3 in Fighting
   234 | D:1      | 234 ||| FLEEEEING.
   235 | D:1      | 235 ||| FLEEEEING.
   357 | D:1      | Reached XP level 3. HP: 17/31 MP: 2/2
   758 | D:1      | 758 ||| READING scroll labelled MIAGEM NORICOE.
   759 | D:1      | 759 ||| READING scroll labelled PON JEKLIRERUI.
   760 | D:1      | 760 ||| DRINKING 2 fizzy orange potions.
   761 | D:1      | 761 ||| DROPPING scroll of butterflies.
   856 | D:2      | Noticed Robin
   876 | D:2      | Killed Robin
   991 | D:2      | Reached XP level 4. HP: 38/38 MP: 3/3
  1017 | D:2      | Reached skill level 6 in Ranged Weapons
  1048 | D:2      | Noticed Jessica
  1050 | D:2      | Killed Jessica
  1233 | D:2      | Reached skill level 4 in Fighting
  1322 | D:2      | 1322 ||| UPGRADING to +6 ring of dexterity.
  1323 | D:2      | 1323 ||| READING scroll labelled QISI UMETINN.
  1324 | D:2      | 1324 ||| READING scroll labelled YCSUEG QEOSI.
  1397 | D:2      | 1397 ||| DRINKING 2 puce potions.
  1398 | D:2      | 1398 ||| DRINKING 2 smoky white potions.
  1399 | D:2      | 1399 ||| DRINKING 2 sedimented coppery potions.
  1400 | D:2      | 1400 ||| DROPPING potion of degeneration.
  1544 | D:3      | Reached XP level 5. HP: 43/46 MP: 4/4
  1897 | D:3      | 1897 ||| FLEEEEING.
  1899 | D:3      | 1899 ||| FLEEEEING.
  1900 | D:3      | 1900 ||| FLEEEEING.
  1901 | D:3      | 1901 ||| FLEEEEING.
  1902 | D:3      | 1902 ||| FLEEEEING.
  1903 | D:3      | 1903 ||| FLEEEEING.
  1904 | D:3      | 1904 ||| FLEEEEING.
  1905 | D:3      | 1905 ||| FLEEEEING.
  1912 | D:3      | 1912 ||| DRINKING potion of curing.
  1912 | D:3      | 1912 ||| (to cure confusion)
  1972 | D:3      | 1972 ||| UPGRADING to amulet of guardian spirit.
  2085 | D:3      | Reached skill level 3 in Dodging
  2085 | D:3      | Reached XP level 6. HP: 37/52 MP: 3/5
  2094 | D:3      | 2094 ||| FLEEEEING.
  2099 | D:3      | 2099 ||| FLEEEEING.
  2100 | D:3      | 2100 ||| FLEEEEING.
  2103 | D:3      | 2103 ||| STAIRDANCE
  2325 | D:3      | 2325 ||| READING scroll labelled CUYLEAM LUFUBB.
  2340 | D:4      | Found Zest's Jewellery Emporium.
  2344 | D:4      | 2344 ||| SHOPLISTING +5 ring of evasion (468 gold, have
                  | 144).
  2344 | D:4      | 2344 ||| SHOPLISTING amulet "Kuew" {RegenMP rC+ rN+ Will-}
                  | (572 gold, have 144).
  2344 | D:4      | 2344 ||| SHOPLISTING amulet of regeneration (390 gold, have
                  | 144).
  2344 | D:4      | 2344 ||| SHOPLISTING ring of Qeuc {Wiz rPois} (535 gold,
                  | have 144).
  2344 | D:4      | 2344 ||| SHOPLISTING ring of ice (325 gold, have 144).
  2344 | D:4      | 2344 ||| SHOPLISTING ring of see invisible (195 gold, have
                  | 144).
  2372 | D:4      | Found a staircase to the Ecumenical Temple.
  2373 | D:4      | 2373 ||| PLANNING TEMPLE
  2373 | D:4      | 2373 ||| DROPPING ring of flight.
  2374 | D:4      | 2374 ||| READING scroll labelled ZASAJU LUIN.
  2386 | Temple   | Entered the Ecumenical Temple
  2386 | Temple   | Found a transporter.
  2386 | Temple   | Found a transporter.
  2388 | Temple   | Found a transporter.
  2388 | Temple   | Found a transporter.
  2398 | Temple   | 2398 ||| PLANNING D:1-11
  2625 | D:4      | Noticed Pikel
  2637 | D:4      | Killed Pikel
  2638 | D:4      | Reached skill level 9 in Ranged Weapons
  2638 | D:4      | Reached XP level 7. HP: 35/59 MP: 3/6
  2809 | D:4      | 2809 ||| SWAPPING to +0 arbalest.
  2810 | D:4      | 2810 ||| DROPPING +0 shortbow of chaos.
  2895 | D:4      | HP: 5/60 [centaur/arrow (12)]
  2897 | D:4      | Reached skill level 5 in Fighting
  3085 | D:4      | 3085 ||| SWAPPING to +0 orcbow.
  3086 | D:4      | 3086 ||| DROPPING +0 arbalest.
  3380 | D:4      | 3380 ||| UPGRADING to +0 pair of boots.
  3385 | D:4      | 3385 ||| READING scroll labelled FOSUUKHOIGG.
  3486 | D:4      | 3486 ||| READING 2 scrolls labelled YJUISIJUGO.
  3489 | D:4      | 3489 ||| READING scroll labelled XOMIUSUPYH.
  3490 | D:4      | 3490 ||| READING scroll labelled EFFOSM WEAGRU.
  3491 | D:4      | 3491 ||| READING scroll labelled PIJOTZA IMALO.
  3492 | D:4      | 3492 ||| READING scroll labelled JEISHOTHICI.
  3493 | D:4      | 3493 ||| READING 2 scrolls of identify.
  3493 | D:4      | 3493 ||| IDENTIFYING sedimented cyan potion
  3494 | D:4      | 3494 ||| DROPPING potion of brilliance.
  3510 | D:5      | Entered Level 5 of the Dungeon
  3595 | D:5      | Found an iron altar of Okawaru.
  3597 | D:5      | 3597 ||| PLANNING OKAWARU WORSHIP
  3597 | D:5      | 3597 ||| UPGRADING to +0 ring mail.
  3607 | D:5      | 3607 ||| DROPPING +0 leather armour.
  3608 | D:5      | 3608 ||| UPGRADING to +0 ring mail of fire resistance.
  3618 | D:5      | 3618 ||| DROPPING +0 ring mail.
  3627 | D:5      | Reached XP level 8. HP: 68/68 MP: 7/7
  3675 | D:5      | Became a worshipper of Warmaster Okawaru
  3675 | D:5      | 3675 ||| PLANNING D:1-11
  3676 | D:5      | 3676 ||| REMOVING amulet of guardian spirit.
  3817 | D:5      | Reached skill level 6 in Fighting
  3898 | D:5      | Found a burning altar of Makhleb.
  3900 | D:5      | Noticed a green death
  4205 | D:5      | 4205 ||| UPGRADING to amulet of reflection.
  4210 | D:5      | 4210 ||| DROPPING amulet of guardian spirit.
  4211 | D:5      | 4211 ||| UPGRADING to ring of positive energy.
  4212 | D:5      | 4212 ||| READING scroll labelled ZESHYD ASKE.
  4212 | D:5      | Identified a scroll of acquirement
  4212 | D:5      | 4212 ||| ACQUIRING +0 longbow of flaming
  4212 | D:5      | Acquired a +0 longbow of flaming
  4214 | D:5      | 4214 ||| SWAPPING to +0 longbow of flaming.
  4215 | D:5      | 4215 ||| DROPPING +0 orcbow.
  4216 | D:5      | 4216 ||| READING scroll labelled YXUMYH MYOXT.
  4378 | D:6      | Reached * piety under Okawaru
  4379 | D:6      | Reached skill level 7 in Fighting
  4447 | D:6      | Reached skill level 1 in Invocations
  4468 | D:6      | 4468 ||| FLEEEEING.
  4471 | D:6      | 4471 ||| STAIRDANCE
  4545 | D:5      | 4545 ||| READING 3 scrolls of identify.
  4545 | D:5      | 4545 ||| IDENTIFYING metallic orange potion
  4546 | D:5      | 4546 ||| READING 2 scrolls of identify.
  4546 | D:5      | 4546 ||| IDENTIFYING dark potion
  4593 | D:6      | 4593 ||| INVOKING Heroism.
  4658 | D:6      | 4658 ||| INVOKING Heroism.
  4662 | D:6      | Reached skill level 3 in Invocations
  4711 | D:6      | 4711 ||| Stepping ~*~*~tactically~*~*~ (outnumbered).
  4713 | D:6      | 4713 ||| Stepping ~*~*~tactically~*~*~ (outnumbered).
  4717 | D:6      | 4717 ||| Stepping ~*~*~tactically~*~*~ (outnumbered).
  4719 | D:6      | 4719 ||| Stepping ~*~*~tactically~*~*~ (outnumbered).
  4721 | D:6      | 4721 ||| Stepping ~*~*~tactically~*~*~ (outnumbered).
  4723 | D:6      | 4723 ||| Stepping ~*~*~tactically~*~*~ (outnumbered).
  4727 | D:6      | Reached XP level 9. HP: 79/79 MP: 10/10
  4877 | D:6      | Found a glowing golden altar of the Shining One.
  5212 | D:6      | 5212 ||| READING scroll labelled CESIYRGH PIOGE.
  5213 | D:6      | 5213 ||| READING 2 scrolls of identify.
  5213 | D:6      | 5213 ||| IDENTIFYING grey potion
  5214 | D:6      | 5214 ||| DROPPING potion of ambrosia.
  5386 | D:7      | 5386 ||| INVOKING Heroism.
  5465 | D:7      | 5465 ||| Stepping ~*~*~tactically~*~*~ (outnumbered).
  5482 | D:7      | 5482 ||| INVOKING Heroism.
  5490 | D:7      | Reached skill level 3 in Armour
  5544 | D:7      | Noticed Maggie
  5547 | D:7      | Killed Maggie
  5547 | D:7      | Reached ** piety under Okawaru
  5548 | D:7      | Reached skill level 6 in Dodging
  5553 | D:7      | Found a snail-covered altar of Cheibriados.
  5834 | D:7      | Noticed a two-headed ogre
  5835 | D:7      | 5835 ||| INVOKING Heroism.
  5840 | D:7      | HP: 17/79 [two-headed ogre/+0 giant club (19)]
  5841 | D:7      | 5841 ||| READING scroll of teleportation.
  5843 | D:7      | Killed a two-headed ogre
  5844 | D:7      | Reached skill level 12 in Ranged Weapons
  6045 | D:7      | 6045 ||| Stepping ~*~*~tactically~*~*~ (outnumbered).
  6156 | D:7      | Reached XP level 10. HP: 86/86 MP: 12/12
  6160 | D:7      | 6160 ||| DROPPING amulet of regeneration.
  6161 | D:7      | 6161 ||| READING scroll labelled SOEKLIQATZ.
  6162 | D:7      | 6162 ||| DRINKING 3 fuming green potions.
  6266 | D:7      | 6266 ||| DRINKING 2 fuming black potions.
  6267 | D:7      | 6267 ||| DROPPING 2 potions of berserk rage.
  6268 | D:7      | 6268 ||| DROPPING potion of attraction.
  6297 | D:8      | Found a shimmering altar of Xom.
  6302 | D:8      | 6302 ||| INVOKING Heroism.
  6330 | D:8      | Reached skill level 8 in Fighting
  6333 | D:8      | 6333 ||| INVOKING Heroism.
  6370 | D:8      | 6370 ||| FLEEEEING.
  6371 | D:8      | 6371 ||| FLEEEEING.
  6372 | D:8      | 6372 ||| FLEEEEING.
  6374 | D:8      | 6374 ||| STAIRDANCE
  6849 | D:8      | 6849 ||| DROPPING +6 ring of intelligence.
  6850 | D:8      | 6850 ||| READING 2 scrolls of identify.
  6850 | D:8      | 6850 ||| IDENTIFYING smoky blue potion
  6851 | D:8      | 6851 ||| DROPPING potion of lignification.
  6892 | D:9      | 6892 ||| INVOKING Heroism.
  6997 | D:9      | Found a staircase to the Orcish Mines.
  6998 | D:9      | 6998 ||| INVOKING Heroism.
  6999 | D:9      | 6999 ||| Stepping ~*~*~tactically~*~*~ (outnumbered).
  7006 | D:9      | Reached skill level 9 in Fighting
  7019 | D:9      | 7019 ||| INVOKING Heroism.
  7260 | D:9      | Noticed a two-headed ogre
  7261 | D:9      | 7261 ||| INVOKING Heroism.
  7266 | D:9      | Killed a two-headed ogre
  7266 | D:9      | Reached *** piety under Okawaru
  7385 | D:9      | 7385 ||| INVOKING Heroism.
  7604 | D:9      | 7604 ||| INVOKING Heroism.
  7723 | D:9      | Found a staircase to the Lair.
  7845 | D:9      | 7845 ||| PLANNING LAIR
  7941 | Lair:1   | Entered Level 1 of the Lair of Beasts
  7941 | Lair:1   | Noticed a black mamba
  7942 | Lair:1   | 7942 ||| INVOKING Heroism.
  7949 | Lair:1   | Killed a black mamba
  7951 | Lair:1   | Reached skill level 10 in Fighting
  7953 | Lair:1   | Reached XP level 11. HP: 99/99 MP: 11/13
  8000 | Lair:1   | 8000 ||| INVOKING Heroism.
  8006 | Lair:1   | Reached **** piety under Okawaru
  8025 | Lair:1   | Noticed an ice dragon
  8026 | Lair:1   | 8026 ||| INVOKING Heroism.
  8039 | Lair:1   | Killed an ice dragon
  8214 | Lair:1   | Found the +18 shield of the Gong {Loud rN+ Will+ rCorr
                  | EV-5}
  8226 | Lair:1   | Identified the +4 ring mail of the Devil {Slay+2}
  8385 | Lair:1   | Received a gift from Okawaru
  8505 | Lair:1   | 8505 ||| READING scroll of acquirement.
  8505 | Lair:1   | 8505 ||| ACQUIRING ring "Guoptez" {+Blink MP+9 Int+2 SInv}
  8505 | Lair:1   | Acquired the ring "Guoptez" {+Blink MP+9 Int+2 SInv}
  8507 | Lair:1   | 8507 ||| UPGRADING to ring "Guoptez" {+Blink MP+9 Int+2
                  | SInv}.
  8777 | Lair:1   | 8777 ||| DROPPING +0 steam dragon scales.
  8778 | Lair:1   | 8778 ||| UPGRADING to +4 ring mail of the Devil {Slay+2}.
  8788 | Lair:1   | 8788 ||| DROPPING +3 leather armour of cold resistance.
  8789 | Lair:1   | 8789 ||| DROPPING potion of enlightenment.
  8826 | Lair:2   | 8826 ||| INVOKING Heroism.
  8966 | Lair:2   | 8966 ||| INVOKING Heroism.
  9027 | Lair:2   | 9027 ||| INVOKING Heroism.
  9034 | Lair:2   | Reached skill level 6 in Invocations
  9064 | Lair:2   | Reached ***** piety under Okawaru
  9088 | Lair:2   | 9088 ||| READING scroll of enchant armour.
  9088 | Lair:2   | 9088 ||| ENCHANTING +0 pair of boots.
  9136 | Lair:2   | 9136 ||| INVOKING Heroism.
  9142 | Lair:2   | Reached skill level 15 in Ranged Weapons
  9165 | Lair:2   | Noticed a six-headed hydra
  9166 | Lair:2   | 9166 ||| INVOKING Heroism.
  9170 | Lair:2   | Killed a six-headed hydra
  9242 | Lair:2   | 9242 ||| INVOKING Heroism.
  9358 | Lair:2   | 9358 ||| INVOKING Heroism.
  9371 | Lair:2   | Reached XP level 12. HP: 106/106 MP: 16/16
  9788 | Lair:2   | 9788 ||| UPGRADING to +2 hat.
  9830 | Lair:3   | 9830 ||| STAIRDANCE
  9832 | Lair:2   | Identified the +5 chain mail "Dyxtuus" {Str+6 Int-4 Slay+2}
                  | (Okawaru gifted it to you on level 2 of the Lair of Beasts)
  9832 | Lair:2   | Received a gift from Okawaru
  9865 | Lair:3   | 9865 ||| STAIRDANCE
  9869 | Lair:2   | 9869 ||| INVOKING Heroism.
 10172 | Lair:3   | 10172 ||| INVOKING Heroism.
 10173 | Lair:3   | 10173 ||| INVOKING Finesse.
 10347 | Lair:3   | 10347 ||| INVOKING Heroism.
 10351 | Lair:3   | Reached skill level 9 in Invocations
 10352 | Lair:3   | Reached skill level 9 in Dodging
 10640 | Lair:3   | 10640 ||| FLEEEEING.
 10654 | Lair:3   | 10654 ||| FLEEEEING.
 10733 | Lair:3   | Found a staircase to the Shoals.
 10734 | Lair:3   | 10734 ||| Stepping ~*~*~tactically~*~*~ (outnumbered).
 10746 | Lair:3   | 10746 ||| Stepping ~*~*~tactically~*~*~ (outnumbered).
 10753 | Lair:3   | 10753 ||| INVOKING Heroism.
 10759 | Lair:3   | Reached skill level 11 in Fighting
 11039 | Lair:3   | Found a staircase to the Snake Pit.
 11047 | Lair:3   | Noticed a six-headed hydra
 11049 | Lair:3   | 11049 ||| INVOKING Heroism.
 11055 | Lair:3   | Killed a six-headed hydra
 11351 | Lair:3   | 11351 ||| DROPPING ring of see invisible.
 11352 | Lair:3   | 11352 ||| DRINKING 2 pink potions.
 11353 | Lair:3   | 11353 ||| DROPPING potion of invisibility.
 11402 | Lair:4   | 11402 ||| INVOKING Heroism.
 11452 | Lair:4   | Noticed an eight-headed hydra
 11456 | Lair:4   | 11456 ||| INVOKING Heroism.
 11459 | Lair:4   | Killed an eight-headed hydra
 11505 | Lair:4   | 11505 ||| INVOKING Heroism.
 11648 | Lair:4   | 11648 ||| INVOKING Heroism.
 11654 | Lair:4   | Reached XP level 13. HP: 116/116 MP: 19/19
 11697 | Lair:4   | 11697 ||| INVOKING Heroism.
 11718 | Lair:4   | You fall into a shaft and drop 1 floor!
 11718 | Lair:5   | Entered Level 5 of the Lair of Beasts
 11718 | Lair:5   | Found a glowing silver altar of Zin.
 11756 | Lair:5   | 11756 ||| INVOKING Heroism.
 11808 | Lair:5   | Reached skill level 18 in Ranged Weapons
 11815 | Lair:5   | 11815 ||| INVOKING Heroism.
 12021 | Lair:5   | 12021 ||| INVOKING Heroism.
 12033 | Lair:5   | Reached skill level 12 in Fighting
 12038 | Lair:5   | Received a gift from Okawaru
 12072 | Lair:5   | 12072 ||| INVOKING Heroism.
 12164 | Lair:5   | 12164 ||| READING 2 scrolls of identify.
 12164 | Lair:5   | 12164 ||| IDENTIFYING fizzy pink potion
 12166 | Lair:5   | 12166 ||| INVOKING Heroism.
 12451 | Lair:4   | 12451 ||| DROPPING +0 ring mail of poison resistance.
 12476 | Lair:5   | 12476 ||| INVOKING Heroism.
 12492 | Lair:5   | 12492 ||| INVOKING Finesse.
 12510 | Lair:5   | 12510 ||| INVOKING Heroism.
 12668 | Lair:5   | Found a runed translucent door.
 12669 | Lair:5   | Noticed an acid blob
 12672 | Lair:5   | Found a staircase to the Slime Pits.
 12757 | Lair:5   | 12757 ||| INVOKING Heroism.
 12787 | Lair:5   | 12787 ||| INVOKING Finesse.
 12788 | Lair:5   | 12788 ||| INVOKING Finesse.
 12867 | Lair:5   | 12867 ||| INVOKING Heroism.
 13140 | Lair:5   | 13140 ||| FLEEEEING.
 13201 | Lair:5   | 13201 ||| INVOKING Heroism.
 13205 | Lair:5   | Reached XP level 14. HP: 127/127 MP: 20/20
 13206 | Lair:5   | Reached skill level 13 in Fighting
 13225 | Lair:5   | Reached skill level 6 in Armour
 13547 | Lair:5   | 13547 ||| INVOKING Heroism.
 13580 | Lair:5   | 13580 ||| FLEEEEING.
 13585 | Lair:5   | 13585 ||| FLEEEEING.
 13586 | Lair:5   | 13586 ||| FLEEEEING.
 13587 | Lair:5   | 13587 ||| FLEEEEING.
 13588 | Lair:5   | 13588 ||| FLEEEEING.
 13590 | Lair:5   | 13590 ||| FLEEEEING.
 13591 | Lair:5   | 13591 ||| FLEEEEING.
 13592 | Lair:5   | 13592 ||| FLEEEEING.
 13596 | Lair:5   | 13596 ||| FLEEEEING.
 13597 | Lair:5   | 13597 ||| FLEEEEING.
 13598 | Lair:5   | 13598 ||| FLEEEEING.
 13599 | Lair:5   | 13599 ||| FLEEEEING.
 13600 | Lair:5   | 13600 ||| FLEEEEING.
 13601 | Lair:5   | 13601 ||| FLEEEEING.
 13602 | Lair:5   | 13602 ||| FLEEEEING.
 13603 | Lair:5   | 13603 ||| FLEEEEING.
 13604 | Lair:5   | 13604 ||| FLEEEEING.
 13605 | Lair:5   | 13605 ||| FLEEEEING.
 13606 | Lair:5   | 13606 ||| FLEEEEING.
 13607 | Lair:5   | 13607 ||| FLEEEEING.
 13608 | Lair:5   | 13608 ||| FLEEEEING.
 13609 | Lair:5   | 13609 ||| FLEEEEING.
 13610 | Lair:5   | 13610 ||| FLEEEEING.
 13611 | Lair:5   | 13611 ||| STAIRDANCE
 13773 | Lair:4   | 13773 ||| READING 3 scrolls of identify.
 13773 | Lair:4   | 13773 ||| IDENTIFYING green potion
 13774 | Lair:4   | 13774 ||| DRINKING potion of experience.
 13774 | Lair:4   | Reached XP level 15. HP: 135/135 MP: 21/21
 13775 | Lair:4   | 13775 ||| READING 2 scrolls of identify.
 13775 | Lair:4   | 13775 ||| IDENTIFYING lumpy red potion
 13779 | Lair:5   | 13779 ||| STAIRDANCE
 13984 | Lair:5   | 13984 ||| Stepping ~*~*~tactically~*~*~ (cloud).
 13986 | Lair:5   | 13986 ||| Stepping ~*~*~tactically~*~*~ (cloud).
 14007 | Lair:5   | Identified the +4 longbow of Somewhere Else {flame, Str+3}
                  | (Okawaru gifted it to you on level 5 of the Lair of Beasts)
 14007 | Lair:5   | Received a gift from Okawaru
 14015 | Lair:5   | 14015 ||| FLEEEEING.
 14016 | Lair:5   | 14016 ||| FLEEEEING.
 14017 | Lair:5   | 14017 ||| FLEEEEING.
 14018 | Lair:5   | 14018 ||| FLEEEEING.
 14029 | Lair:5   | 14029 ||| FLEEEEING.
 14130 | Lair:5   | 14130 ||| SWAPPING to +4 longbow of Somewhere Else {flame,
                  | Str+3}.
 14131 | Lair:5   | 14131 ||| DROPPING +0 longbow of flaming.
 14173 | Lair:5   | 14173 ||| Stepping ~*~*~tactically~*~*~ (outnumbered).
 14255 | Lair:5   | 14255 ||| Stepping ~*~*~tactically~*~*~ (outnumbered).
 14295 | Lair:5   | 14295 ||| Stepping ~*~*~tactically~*~*~ (outnumbered).
 14430 | Lair:5   | 14430 ||| PLANNING D:1-11
 14605 | D:10     | Entered Level 10 of the Dungeon
 15657 | D:10     | 15657 ||| DROPPING scarf of harm.
 15730 | D:11     | 15730 ||| Stepping ~*~*~tactically~*~*~ (outnumbered).
 15733 | D:11     | 15733 ||| Stepping ~*~*~tactically~*~*~ (outnumbered).
 15740 | D:11     | 15740 ||| Stepping ~*~*~tactically~*~*~ (outnumbered).
 15807 | D:11     | Reached skill level 14 in Fighting
 15863 | D:11     | Found a radiant altar of Vehumet.
 15979 | D:11     | 15979 ||| FLEEEEING.
 15980 | D:11     | 15980 ||| FLEEEEING.
 15981 | D:11     | 15981 ||| FLEEEEING.
 15982 | D:11     | 15982 ||| FLEEEEING.
 15984 | D:11     | 15984 ||| FLEEEEING.
 15985 | D:11     | 15985 ||| FLEEEEING.
 15986 | D:11     | 15986 ||| FLEEEEING.
 15987 | D:11     | 15987 ||| FLEEEEING.
 15988 | D:11     | 15988 ||| FLEEEEING.
 15989 | D:11     | 15989 ||| FLEEEEING.
 16162 | D:11     | Noticed Nergalle
 16170 | D:11     | Killed Nergalle
 16213 | D:11     | 16213 ||| INVOKING Heroism.
 16414 | D:11     | 16414 ||| PLANNING D
 16414 | D:11     | 16414 ||| UPGRADING to +0 pair of gloves.
 16419 | D:11     | 16419 ||| DROPPING ring of wizardry.
 16462 | D:12     | 16462 ||| STAIRDANCE
 16521 | D:12     | Found a runed translucent gate.
 16522 | D:12     | Found a runed translucent gate.
 16523 | D:12     | Found a runed translucent gate.
 16526 | D:12     | Noticed qw's ghost (journeyman MiHu)
 16893 | D:12     | Found a sparkling altar of Nemelex Xobeh.
 17005 | D:12     | 17005 ||| INVOKING Heroism.
 17023 | D:12     | Reached skill level 12 in Dodging
 17173 | D:12     | 17173 ||| UPGRADING to scarf of resistance.
 17322 | D:13     | 17322 ||| Stepping ~*~*~tactically~*~*~ (outnumbered).
 17339 | D:13     | 17339 ||| DRINKING 3 potions of cancellation.
 17340 | D:13     | 17340 ||| INVOKING Heroism.
 17342 | D:13     | Identified the +1 arbalest "Enanoev" {elec, rC+ Int-5 Dex+6
                  | SInv} (Okawaru gifted it to you on level 13 of the Dungeon)
 17342 | D:13     | Received a gift from Okawaru
 17347 | D:13     | HP: 33/138 [efreet/bolt of fire (7)]
 17348 | D:13     | 17348 ||| READING 6 scrolls of teleportation.
 17348 | D:13     | HP: 7/138 [yaktaur/bolt (13)]
 17349 | D:13     | 17349 ||| DRINKING 2 potions of heal wounds.
 17350 | D:13     | 17350 ||| DRINKING potion of heal wounds.
 17459 | D:13     | 17459 ||| FLEEEEING.
 17460 | D:13     | 17460 ||| FLEEEEING.
 17461 | D:13     | 17461 ||| FLEEEEING.
 17462 | D:13     | 17462 ||| STAIRDANCE
 17687 | D:13     | 17687 ||| Stepping ~*~*~tactically~*~*~ (outnumbered).
 17694 | D:13     | Reached ****** piety under Okawaru
 17702 | D:13     | 17702 ||| FLEEEEING.
 17703 | D:13     | 17703 ||| STAIRDANCE
 17912 | D:13     | 17912 ||| DRINKING 2 potions of cancellation.
 17914 | D:13     | 17914 ||| DRINKING potion of cancellation.
 17971 | D:13     | 17971 ||| INVOKING Heroism.
 17972 | D:13     | 17972 ||| Stepping ~*~*~tactically~*~*~ (outnumbered).
 17989 | D:13     | Reached skill level 15 in Fighting
 17991 | D:13     | HP: 34/141 [poisoned by a wolf spider]
 17992 | D:13     | 17992 ||| READING 5 scrolls of teleportation.
 17996 | D:13     | HP: 31/141 [poisoned by a wolf spider]
 18015 | D:13     | HP: 22/141 [manticore/volley of spikes (16)]
 18016 | D:13     | 18016 ||| READING 4 scrolls of teleportation.
 18020 | D:13     | 18020 ||| READING 3 scrolls of teleportation.
 18403 | D:13     | 18403 ||| INVOKING Heroism.
 18652 | D:13     | Noticed Frances
 18653 | D:13     | 18653 ||| INVOKING Heroism.
 18654 | D:13     | 18654 ||| INVOKING Finesse.
 18662 | D:13     | Killed Frances
 18768 | D:13     | Noticed Erolcha
 18771 | D:13     | Killed Erolcha
 18772 | D:13     | Reached XP level 16. HP: 149/149 MP: 22/22
 18860 | D:13     | 18860 ||| Stepping ~*~*~tactically~*~*~ (outnumbered).
 18875 | D:13     | Noticed Azrael
 18876 | D:13     | 18876 ||| INVOKING Heroism.
 18877 | D:13     | 18877 ||| INVOKING Finesse.
 18890 | D:13     | Killed Azrael
 19041 | D:13     | Identified the +5 scale mail "Yptoaf Edui" {rPois rF- Int+3
                  | Dex+5} (Okawaru gifted it to you on level 13 of the
                  | Dungeon)
 19041 | D:13     | Received a gift from Okawaru
 19318 | D:14     | You fall into a shaft and drop 1 floor!
 19318 | D:15     | Entered Level 15 of the Dungeon
 19332 | D:15     | 19332 ||| INVOKING Heroism.
 19355 | D:15     | Reached skill level 16 in Fighting
 19730 | D:14     | Found Falorr's Antique Weapon Emporium.
 19754 | D:14     | 19754 ||| INVOKING Heroism.
 19768 | D:14     | Reached skill level 9 in Armour
 19814 | D:14     | 19814 ||| INVOKING Heroism.
 19942 | D:14     | Found a gate to the Vaults.
 20159 | D:14     | Found a broken altar of Ashenzari.
 20427 | D:15     | 20427 ||| DRINKING 5 potions of curing.
 20427 | D:15     | 20427 ||| (to cure bad poison)
 20492 | D:15     | 20492 ||| DRINKING 4 potions of curing.
 20492 | D:15     | 20492 ||| (to cure confusion)
 20506 | D:15     | 20506 ||| Stepping ~*~*~tactically~*~*~ (cloud).
 20737 | D:15     | Found a staircase to the Depths.
 20921 | D:15     | 20921 ||| INVOKING Heroism.
 21094 | D:15     | 21094 ||| INVOKING Heroism.
 21376 | D:15     | Found a broken altar of Ashenzari.
 21382 | D:15     | 21382 ||| PLANNING ORC
 21382 | D:15     | 21382 ||| DROPPING ring of magical power.
 21539 | Orc:1    | Entered Level 1 of the Orcish Mines
 21565 | Orc:1    | 21565 ||| Stepping ~*~*~tactically~*~*~ (outnumbered).
 21684 | Orc:1    | Found a frozen archway.
 21783 | Orc:1    | Noticed TarVian's ghost (journeyman MiFi)
 21784 | Orc:1    | Found a transporter.
 21786 | Orc:1    | Identified the +6 great mace of the Enchanted Forest
                  | {flame, rElec rPois rF+ Will+}
 21786 | Orc:1    | Identified the +6 great mace "Wanguv" {protect, Fragile
                  | rCorr Str+7 Dex+3}
 21789 | Orc:1    | Noticed Snorg
 21793 | Orc:1    | Killed Snorg
 21812 | Orc:1    | Found a transporter.
 21854 | Orc:2    | Entered Level 2 of the Orcish Mines
 21855 | Orc:2    | 21855 ||| INVOKING Heroism.
 21866 | Orc:2    | Reached skill level 17 in Fighting
 21931 | Orc:2    | 21931 ||| INVOKING Heroism.
 21977 | Orc:2    | 21977 ||| Stepping ~*~*~tactically~*~*~ (outnumbered).
 21985 | Orc:2    | 21985 ||| Stepping ~*~*~tactically~*~*~ (outnumbered).
 22008 | Orc:2    | 22008 ||| INVOKING Heroism.
 22009 | Orc:2    | 22009 ||| Stepping ~*~*~tactically~*~*~ (outnumbered).
 22013 | Orc:2    | 22013 ||| Stepping ~*~*~tactically~*~*~ (outnumbered).
 22055 | Orc:2    | 22055 ||| INVOKING Heroism.
 22066 | Orc:2    | Found Gilatin's Weapon Emporium.
 22066 | Orc:2    | Found Fafacat's Antique Weapon Shop.
 22068 | Orc:2    | Found Uvvuar's Antique Armour Shop.
 22068 | Orc:2    | Found Gilaipp's Book Emporium.
 22077 | Orc:2    | 22077 ||| BUYING cloak (148 gold).
 22077 | Orc:2    | Bought a cloak for 148 gold pieces
 22153 | Orc:2    | 22153 ||| INVOKING Heroism.
 22267 | Orc:2    | 22267 ||| DROPPING +0 ring mail of fire resistance.
 22374 | Orc:2    | Reached skill level 15 in Dodging
 22445 | Orc:2    | Found a staircase to the Elven Halls.
 22620 | Orc:2    | 22620 ||| PLANNING SNAKE:1-3
 22798 | Snake:1  | Entered Level 1 of the Snake Pit
 22833 | Snake:1  | 22833 ||| INVOKING Heroism.
 22892 | Snake:1  | Noticed Aizul
 22893 | Snake:1  | 22893 ||| INVOKING Heroism.
 22897 | Snake:1  | Killed Aizul
 23258 | Snake:1  | 23258 ||| INVOKING Heroism.
 23259 | Snake:1  | 23259 ||| Stepping ~*~*~tactically~*~*~ (outnumbered).
 23268 | Snake:1  | 23268 ||| Stepping ~*~*~tactically~*~*~ (outnumbered).
 23272 | Snake:1  | 23272 ||| Stepping ~*~*~tactically~*~*~ (outnumbered).
 23278 | Snake:1  | 23278 ||| Stepping ~*~*~tactically~*~*~ (outnumbered).
 23458 | Snake:1  | 23458 ||| Stepping ~*~*~tactically~*~*~ (outnumbered).
 23872 | Snake:1  | Reached skill level 18 in Fighting
 23914 | Snake:1  | 23914 ||| INVOKING Heroism.
 24085 | Snake:1  | Reached XP level 17. HP: 163/163 MP: 23/23
 24095 | Snake:1  | 24095 ||| INVOKING Heroism.
 24097 | Snake:1  | 24097 ||| Stepping ~*~*~tactically~*~*~ (outnumbered).
 24622 | Snake:2  | 24622 ||| Stepping ~*~*~tactically~*~*~ (outnumbered).
 24690 | Snake:2  | 24690 ||| Stepping ~*~*~tactically~*~*~ (outnumbered).
 24692 | Snake:2  | 24692 ||| Stepping ~*~*~tactically~*~*~ (outnumbered).
 24707 | Snake:2  | 24707 ||| INVOKING Heroism.
 25138 | Snake:2  | 25138 ||| INVOKING Heroism.
 25442 | Snake:2  | 25442 ||| INVOKING Heroism.
 25838 | Snake:3  | 25838 ||| INVOKING Heroism.
 25890 | Snake:3  | 25890 ||| FLEEEEING.
 25899 | Snake:3  | 25899 ||| STAIRDANCE
 26050 | Snake:3  | 26050 ||| Stepping ~*~*~tactically~*~*~ (outnumbered).
 26057 | Snake:3  | Reached skill level 19 in Fighting
 26065 | Snake:3  | 26065 ||| INVOKING Heroism.
 26301 | Snake:3  | 26301 ||| INVOKING Heroism.
 26496 | Snake:3  | 26496 ||| READING scroll of enchant armour.
 26496 | Snake:3  | 26496 ||| ENCHANTING +0 pair of gloves.
 26775 | Snake:3  | 26775 ||| Stepping ~*~*~tactically~*~*~ (outnumbered).
 26777 | Snake:3  | 26777 ||| Stepping ~*~*~tactically~*~*~ (outnumbered).
 26779 | Snake:3  | 26779 ||| Stepping ~*~*~tactically~*~*~ (outnumbered).
 26781 | Snake:3  | 26781 ||| Stepping ~*~*~tactically~*~*~ (outnumbered).
 26785 | Snake:3  | 26785 ||| Stepping ~*~*~tactically~*~*~ (outnumbered).
 26841 | Snake:3  | 26841 ||| Stepping ~*~*~tactically~*~*~ (outnumbered).
 26843 | Snake:3  | 26843 ||| Stepping ~*~*~tactically~*~*~ (outnumbered).
 26846 | Snake:3  | 26846 ||| Stepping ~*~*~tactically~*~*~ (outnumbered).
 26847 | Snake:3  | 26847 ||| Stepping ~*~*~tactically~*~*~ (outnumbered).
 27124 | Snake:3  | 27124 ||| Stepping ~*~*~tactically~*~*~ (outnumbered).
 27125 | Snake:3  | 27125 ||| Stepping ~*~*~tactically~*~*~ (outnumbered).
 27126 | Snake:3  | 27126 ||| Stepping ~*~*~tactically~*~*~ (outnumbered).
 27140 | Snake:3  | 27140 ||| INVOKING Heroism.
 27628 | Snake:3  | 27628 ||| INVOKING Heroism.
 27629 | Snake:3  | 27629 ||| Stepping ~*~*~tactically~*~*~ (outnumbered).
 27848 | Snake:4  | Entered Level 4 of the Snake Pit
 27865 | Snake:4  | 27865 ||| INVOKING Heroism.
 27870 | Snake:4  | 27870 ||| Stepping ~*~*~tactically~*~*~ (outnumbered).
 27875 | Snake:4  | HP: 39/168 [salamander/+0 trident (11)]
 27876 | Snake:4  | 27876 ||| READING 6 scrolls of teleportation.
 27877 | Snake:4  | 27877 ||| DRINKING 2 potions of heal wounds.
 27878 | Snake:4  | 27878 ||| DRINKING potion of heal wounds.
 27884 | Snake:4  | HP: 42/168 [salamander/arrow (2)]
 27885 | Snake:4  | 27885 ||| READING 5 scrolls of teleportation.
 27886 | Snake:4  | HP: 19/168 [constriction (5)]
 27888 | Snake:4  | 27888 ||| READING 4 scrolls of teleportation.
 27892 | Snake:4  | 27892 ||| READING 3 scrolls of teleportation.
 27895 | Snake:4  | 27895 ||| Stepping ~*~*~tactically~*~*~ (outnumbered).
 27896 | Snake:4  | 27896 ||| READING 2 scrolls of teleportation.
 27896 | Snake:4  | HP: 18/169 [naga sharpshooter/splash of poison (3)]
 27898 | Snake:4  | 27898 ||| Stepping ~*~*~tactically~*~*~ (outnumbered).
 27901 | Snake:4  | HP: 13/169 [poisoned by a naga sharpshooter (splash of
                  | poison)]
 27917 | Snake:4  | 27917 ||| INVOKING Heroism.
 28117 | Snake:4  | 28117 ||| INVOKING Heroism.
 28316 | Snake:4  | 28316 ||| READING scroll of enchant armour.
 28316 | Snake:4  | 28316 ||| ENCHANTING +1 pair of gloves.
 28374 | Snake:3  | 28374 ||| PLANNING SHOALS:1-3
 28549 | Shoals:1 | Entered Level 1 of the Shoals
 28592 | Shoals:1 | Reached skill level 20 in Fighting
 28732 | Shoals:1 | Noticed Kirke
 28749 | Shoals:1 | Killed Kirke
 28793 | Shoals:1 | 28793 ||| INVOKING Heroism.
 28798 | Shoals:1 | Received a gift from Okawaru
 28861 | Shoals:1 | 28861 ||| INVOKING Heroism.
 28934 | Shoals:1 | 28934 ||| INVOKING Heroism.
 29024 | Shoals:1 | Found a runed translucent gate.
 29025 | Shoals:1 | Found a runed translucent gate.
 29026 | Shoals:1 | Found a runed translucent gate.
 29056 | Shoals:1 | Found an opulent altar of Gozag.
 29057 | Shoals:1 | Noticed qw's ghost (adept GrFi)
 29239 | Shoals:1 | Found Vonku's Assorted Antiques.
 29299 | Shoals:2 | 29299 ||| Stepping ~*~*~tactically~*~*~ (water).
 29301 | Shoals:2 | 29301 ||| STAIRDANCE
 29303 | Shoals:1 | 29303 ||| INVOKING Heroism.
 29728 | Shoals:2 | Reached XP level 18. HP: 178/178 MP: 24/24
 29864 | Shoals:2 | 29864 ||| INVOKING Heroism.
 29932 | Shoals:2 | Reached skill level 18 in Dodging
 29938 | Shoals:2 | 29938 ||| FLEEEEING.
 29939 | Shoals:2 | 29939 ||| FLEEEEING.
 29943 | Shoals:2 | 29943 ||| STAIRDANCE
 30126 | Shoals:2 | Identified the +6 chain mail "Wicliak" {rC+ rN+}
 30201 | Shoals:3 | Noticed Roxanne
 30202 | Shoals:3 | 30202 ||| INVOKING Heroism.
 30222 | Shoals:3 | Killed Roxanne
 30258 | Shoals:3 | Found Edawnamesa's General Store.
 30259 | Shoals:3 | 30259 ||| INVOKING Heroism.
 30283 | Shoals:3 | 30283 ||| BUYING potion of haste (120 gold).
 30283 | Shoals:3 | Bought a potion of haste for 120 gold pieces
 30287 | Shoals:3 | 30287 ||| BUYING +1 cloak (195 gold).
 30287 | Shoals:3 | Bought a +1 cloak for 195 gold pieces
 30287 | Shoals:3 | 30287 ||| BUYING potion of curing (51 gold).
 30287 | Shoals:3 | Bought a potion of curing for 51 gold pieces
 30303 | Shoals:3 | 30303 ||| DROPPING +0 cloak.
 30304 | Shoals:3 | 30304 ||| DROPPING amulet of the acrobat.
 30351 | Shoals:3 | 30351 ||| INVOKING Heroism.
 30489 | Shoals:3 | Noticed Ilsuiw
 30490 | Shoals:3 | 30490 ||| INVOKING Heroism.
 30516 | Shoals:3 | Killed Ilsuiw
 30736 | Shoals:3 | 30736 ||| INVOKING Heroism.
 30737 | Shoals:3 | 30737 ||| Stepping ~*~*~tactically~*~*~ (outnumbered).
 30738 | Shoals:3 | 30738 ||| Stepping ~*~*~tactically~*~*~ (outnumbered).
 30754 | Shoals:3 | 30754 ||| Stepping ~*~*~tactically~*~*~ (outnumbered).
 30756 | Shoals:3 | 30756 ||| Stepping ~*~*~tactically~*~*~ (outnumbered).
 30912 | Shoals:3 | Reached skill level 21 in Fighting
 30947 | Shoals:3 | 30947 ||| INVOKING Heroism.
 31041 | Shoals:3 | 31041 ||| PLANNING SNAKE:4
 31332 | Snake:4  | Found Atzoh's Jewellery Boutique.
 31364 | Snake:4  | Found Kahouwk's Book Emporium.
 31365 | Snake:4  | Found Purghyifa's Jewellery Boutique.
 31371 | Snake:4  | 31371 ||| BUYING +4 ring of protection (360 gold).
 31371 | Snake:4  | Bought a +4 ring of protection for 360 gold pieces
 31371 | Snake:4  | 31371 ||| BUYING +5 ring of evasion (360 gold).
 31371 | Snake:4  | Bought a +5 ring of evasion for 360 gold pieces
 31371 | Snake:4  | 31371 ||| BUYING ring "Nuoppesk" {rF+ rCorr Str+6} (466
                  | gold).
 31371 | Snake:4  | Bought the ring "Nuoppesk" {rF+ rCorr Str+6} for 466 gold
                  | pieces
 31375 | Snake:4  | 31375 ||| BUYING amulet "Ottyha" {Faith Contam rPois
                  | Will++} (953 gold).
 31375 | Snake:4  | Bought the amulet "Ottyha" {Faith Contam rPois Will++} for
                  | 953 gold pieces
 31375 | Snake:4  | 31375 ||| SHOPLISTING ring "Kutuiq" {rC+++ Will+ rCorr MP-9
                  | Int+3 Dex+2} (1027 gold, have 35).
 31375 | Snake:4  | 31375 ||| SHOPLISTING ring of the Amoeba {rF+ rN+ Stlth+}
                  | (588 gold, have 35).
 31531 | Snake:4  | Reached skill level 12 in Armour
 31538 | Snake:4  | 31538 ||| INVOKING Heroism.
 31541 | Snake:4  | 31541 ||| Stepping ~*~*~tactically~*~*~ (outnumbered).
 31583 | Snake:4  | 31583 ||| INVOKING Heroism.
 31740 | Snake:4  | 31740 ||| INVOKING Heroism.
 32268 | Snake:4  | 32268 ||| INVOKING Heroism.
 32309 | Snake:4  | Identified the +4 ring mail "Hamuux" {rN+}
 32357 | Snake:4  | 32357 ||| Stepping ~*~*~tactically~*~*~ (outnumbered).
 32359 | Snake:4  | 32359 ||| Stepping ~*~*~tactically~*~*~ (outnumbered).
 32462 | Snake:4  | 32462 ||| INVOKING Heroism.
 32673 | Snake:4  | Got a serpentine rune of Zot
 32678 | Snake:4  | 32678 ||| PLANNING VAULTS:1-4
 32678 | Snake:4  | 32678 ||| DROPPING +4 ring mail "Hamuux" {rN+}.
 32679 | Snake:4  | 32679 ||| UPGRADING to amulet "Ottyha" {Faith Contam rPois
                  | Will++}.
 32689 | Snake:4  | 32689 ||| DROPPING ring of fire.
 32690 | Snake:4  | 32690 ||| DROPPING +4 ring of protection.
 32691 | Snake:4  | 32691 ||| UPGRADING to +5 ring of evasion.
 32693 | Snake:4  | 32693 ||| DROPPING ring of positive energy.
 32694 | Snake:4  | 32694 ||| DROPPING ring "Guoptez" {+Blink MP+9 Int+2 SInv}.
 33162 | Vaults:1 | Entered Level 1 of the Vaults
 33180 | Vaults:1 | Reached skill level 22 in Fighting
 33186 | Vaults:1 | 33186 ||| FLEEEEING.
 33195 | Vaults:1 | Received a gift from Okawaru
 33299 | Vaults:1 | 33299 ||| FLEEEEING.
 33300 | Vaults:1 | 33300 ||| FLEEEEING.
 33301 | Vaults:1 | 33301 ||| FLEEEEING.
 33415 | Vaults:1 | 33415 ||| Stepping ~*~*~tactically~*~*~ (outnumbered).
 33417 | Vaults:1 | 33417 ||| Stepping ~*~*~tactically~*~*~ (outnumbered).
 33419 | Vaults:1 | 33419 ||| Stepping ~*~*~tactically~*~*~ (outnumbered).
 33421 | Vaults:1 | 33421 ||| Stepping ~*~*~tactically~*~*~ (outnumbered).
 33472 | Vaults:1 | 33472 ||| Stepping ~*~*~tactically~*~*~ (outnumbered).
 33479 | Vaults:1 | Received a gift from Okawaru
 33481 | Vaults:1 | 33481 ||| INVOKING Heroism.
 33629 | Vaults:1 | Found a runed translucent gate.
 33629 | Vaults:1 | Found a runed translucent gate.
 33629 | Vaults:1 | Found a runed translucent gate.
 33629 | Vaults:1 | Noticed Forgeling's ghost (adept FeEn)
 33677 | Vaults:1 | Reached XP level 19. HP: 191/191 MP: 25/25
 33683 | Vaults:1 | 33683 ||| Stepping ~*~*~tactically~*~*~ (outnumbered).
 33686 | Vaults:1 | 33686 ||| Stepping ~*~*~tactically~*~*~ (outnumbered).
 33740 | Vaults:1 | 33740 ||| INVOKING Heroism.
 33860 | Vaults:1 | 33860 ||| Stepping ~*~*~tactically~*~*~ (outnumbered).
 33956 | Vaults:1 | 33956 ||| DRINKING 2 potions of resistance.
 33975 | Vaults:1 | Found a portal to a secret trove of treasure.
 34122 | Vaults:1 | 34122 ||| Stepping ~*~*~tactically~*~*~ (outnumbered).
 34190 | Vaults:1 | Noticed Saint Roka
 34191 | Vaults:1 | 34191 ||| INVOKING Heroism.
 34192 | Vaults:1 | 34192 ||| INVOKING Finesse.
 34208 | Vaults:1 | Killed Saint Roka
 34458 | Vaults:2 | Reached skill level 23 in Fighting
 34527 | Vaults:2 | Identified the +2 hat of the Desolation of Salt {Harm}
                  | (Okawaru gifted it to you on level 2 of the Vaults)
 34527 | Vaults:2 | Received a gift from Okawaru
 34578 | Vaults:2 | 34578 ||| READING scroll of enchant armour.
 34578 | Vaults:2 | 34578 ||| ENCHANTING +1 pair of boots.
 34589 | Vaults:2 | 34589 ||| Stepping ~*~*~tactically~*~*~ (outnumbered).
 34593 | Vaults:2 | 34593 ||| INVOKING Heroism.
 34594 | Vaults:2 | 34594 ||| INVOKING Finesse.
 34819 | Vaults:2 | Found the +12 pair of quick blades "Gyre" and "Gimble"
                  | {protect}
 34827 | Vaults:2 | 34827 ||| DROPPING +2 hat of the Desolation of Salt {Harm}.
 34828 | Vaults:2 | 34828 ||| DROPPING +1 cloak.
 34829 | Vaults:2 | 34829 ||| INVOKING Heroism.
 34852 | Vaults:2 | Identified the +8 broad axe "Yroakhlur" {vamp, rElec Dex+6}
 34880 | Vaults:2 | 34880 ||| INVOKING Heroism.
 34904 | Vaults:2 | 34904 ||| DRINKING potion of resistance.
 35168 | Vaults:2 | Found Naethan's Armour Shop.
 35178 | Vaults:2 | 35178 ||| BUYING +2 ring mail of poison resistance (342
                  | gold).
 35178 | Vaults:2 | Bought a +2 ring mail of poison resistance for 342 gold
                  | pieces
 35311 | Vaults:2 | 35311 ||| Stepping ~*~*~tactically~*~*~ (outnumbered).
 35557 | Vaults:2 | Reached skill level 24 in Fighting
 35620 | Vaults:2 | 35620 ||| FLEEEEING.
 35621 | Vaults:2 | 35621 ||| FLEEEEING.
 35622 | Vaults:2 | 35622 ||| FLEEEEING.
 35623 | Vaults:2 | 35623 ||| FLEEEEING.
 35624 | Vaults:2 | 35624 ||| FLEEEEING.
 35625 | Vaults:2 | 35625 ||| FLEEEEING.
 35626 | Vaults:2 | 35626 ||| FLEEEEING.
 35627 | Vaults:2 | 35627 ||| FLEEEEING.
 35712 | Vaults:2 | 35712 ||| FLEEEEING.
 35713 | Vaults:2 | 35713 ||| FLEEEEING.
 35717 | Vaults:2 | 35717 ||| FLEEEEING.
 35718 | Vaults:2 | 35718 ||| FLEEEEING.
 35722 | Vaults:2 | 35722 ||| FLEEEEING.
 35723 | Vaults:2 | 35723 ||| FLEEEEING.
 35724 | Vaults:2 | 35724 ||| FLEEEEING.
 35725 | Vaults:2 | 35725 ||| FLEEEEING.
 35730 | Vaults:2 | 35730 ||| FLEEEEING.
 35731 | Vaults:2 | 35731 ||| FLEEEEING.
 35732 | Vaults:2 | 35732 ||| FLEEEEING.
 35733 | Vaults:2 | 35733 ||| FLEEEEING.
 35734 | Vaults:2 | 35734 ||| FLEEEEING.
 35735 | Vaults:2 | 35735 ||| FLEEEEING.
 35739 | Vaults:2 | 35739 ||| FLEEEEING.
 35950 | Vaults:2 | 35950 ||| INVOKING Heroism.
 36372 | Vaults:2 | Found a staircase to the Crypt.
 36539 | Vaults:3 | 36539 ||| INVOKING Heroism.
 36540 | Vaults:3 | 36540 ||| INVOKING Finesse.
 36542 | Vaults:3 | Received a gift from Okawaru
 36542 | Vaults:3 | Found the +2 shield of Resistance {rF++ rC++ Will++}
 36547 | Vaults:3 | Reached skill level 21 in Dodging
 36607 | Vaults:3 | 36607 ||| INVOKING Heroism.
 36610 | Vaults:3 | 36610 ||| INVOKING Finesse.
 36669 | Vaults:3 | 36669 ||| INVOKING Heroism.
 36670 | Vaults:3 | 36670 ||| INVOKING Finesse.
 36676 | Vaults:3 | Reached XP level 20. HP: 206/206 MP: 18/26
 36785 | Vaults:3 | 36785 ||| Stepping ~*~*~tactically~*~*~ (outnumbered).
 36840 | Vaults:3 | 36840 ||| Stepping ~*~*~tactically~*~*~ (outnumbered).
 36981 | Vaults:3 | 36981 ||| Stepping ~*~*~tactically~*~*~ (outnumbered).
 36982 | Vaults:3 | 36982 ||| Stepping ~*~*~tactically~*~*~ (outnumbered).
 37096 | Vaults:3 | 37096 ||| INVOKING Heroism.
 37309 | Vaults:3 | 37309 ||| FLEEEEING.
 37310 | Vaults:3 | 37310 ||| FLEEEEING.
 37311 | Vaults:3 | 37311 ||| FLEEEEING.
 37312 | Vaults:3 | 37312 ||| FLEEEEING.
 37313 | Vaults:3 | 37313 ||| FLEEEEING.
 37314 | Vaults:3 | 37314 ||| FLEEEEING.
 37317 | Vaults:3 | 37317 ||| FLEEEEING.
 37318 | Vaults:3 | 37318 ||| FLEEEEING.
 37319 | Vaults:3 | 37319 ||| FLEEEEING.
 37320 | Vaults:3 | 37320 ||| FLEEEEING.
 37321 | Vaults:3 | 37321 ||| FLEEEEING.
 37322 | Vaults:3 | 37322 ||| FLEEEEING.
 37323 | Vaults:3 | 37323 ||| FLEEEEING.
 37324 | Vaults:3 | 37324 ||| FLEEEEING.
 37325 | Vaults:3 | 37325 ||| FLEEEEING.
 37330 | Vaults:3 | 37330 ||| STAIRDANCE
 37382 | Vaults:3 | 37382 ||| Stepping ~*~*~tactically~*~*~ (outnumbered).
 37551 | Vaults:3 | Reached skill level 25 in Fighting
 37939 | Vaults:3 | 37939 ||| Stepping ~*~*~tactically~*~*~ (outnumbered).
 37944 | Vaults:3 | 37944 ||| Stepping ~*~*~tactically~*~*~ (outnumbered).
 37958 | Vaults:3 | 37958 ||| FLEEEEING.
 37964 | Vaults:3 | 37964 ||| Stepping ~*~*~tactically~*~*~ (outnumbered).
 38214 | Vaults:3 | 38214 ||| INVOKING Finesse.
 38351 | Vaults:4 | 38351 ||| INVOKING Heroism.
 38528 | Vaults:4 | 38528 ||| FLEEEEING.
 38529 | Vaults:4 | 38529 ||| FLEEEEING.
 38530 | Vaults:4 | 38530 ||| FLEEEEING.
 38531 | Vaults:4 | 38531 ||| FLEEEEING.
 38532 | Vaults:4 | 38532 ||| FLEEEEING.
 38533 | Vaults:4 | 38533 ||| FLEEEEING.
 38534 | Vaults:4 | 38534 ||| FLEEEEING.
 38535 | Vaults:4 | 38535 ||| FLEEEEING.
 38536 | Vaults:4 | 38536 ||| FLEEEEING.
 38537 | Vaults:4 | 38537 ||| FLEEEEING.
 38538 | Vaults:4 | 38538 ||| FLEEEEING.
 38539 | Vaults:4 | 38539 ||| FLEEEEING.
 38540 | Vaults:4 | 38540 ||| FLEEEEING.
 38541 | Vaults:4 | 38541 ||| FLEEEEING.
 38542 | Vaults:4 | 38542 ||| FLEEEEING.
 38543 | Vaults:4 | 38543 ||| FLEEEEING.
 38544 | Vaults:4 | 38544 ||| FLEEEEING.
 38545 | Vaults:4 | 38545 ||| FLEEEEING.
 38546 | Vaults:4 | 38546 ||| FLEEEEING.
 38551 | Vaults:4 | 38551 ||| STAIRDANCE
 38600 | Vaults:4 | 38600 ||| FLEEEEING.
 38601 | Vaults:4 | 38601 ||| FLEEEEING.
 38602 | Vaults:4 | 38602 ||| STAIRDANCE
 38800 | Vaults:4 | 38800 ||| Stepping ~*~*~tactically~*~*~ (outnumbered).
 38802 | Vaults:4 | 38802 ||| Stepping ~*~*~tactically~*~*~ (outnumbered).
 39027 | Vaults:4 | 39027 ||| FLEEEEING.
 39028 | Vaults:4 | 39028 ||| FLEEEEING.
 39029 | Vaults:4 | 39029 ||| FLEEEEING.
 39030 | Vaults:4 | 39030 ||| FLEEEEING.
 39033 | Vaults:4 | 39033 ||| FLEEEEING.
 39041 | Vaults:4 | 39041 ||| INVOKING Heroism.
 39055 | Vaults:4 | 39055 ||| FLEEEEING.
 39056 | Vaults:4 | 39056 ||| FLEEEEING.
 39057 | Vaults:4 | 39057 ||| FLEEEEING.
 39058 | Vaults:4 | 39058 ||| FLEEEEING.
 39059 | Vaults:4 | 39059 ||| FLEEEEING.
 39060 | Vaults:4 | 39060 ||| FLEEEEING.
 39061 | Vaults:4 | 39061 ||| FLEEEEING.
 39062 | Vaults:4 | 39062 ||| FLEEEEING.
 39063 | Vaults:4 | 39063 ||| FLEEEEING.
 39064 | Vaults:4 | 39064 ||| FLEEEEING.
 39065 | Vaults:4 | 39065 ||| FLEEEEING.
 39066 | Vaults:4 | 39066 ||| FLEEEEING.
 39067 | Vaults:4 | 39067 ||| FLEEEEING.
 39068 | Vaults:4 | 39068 ||| FLEEEEING.
 39069 | Vaults:4 | 39069 ||| FLEEEEING.
 39070 | Vaults:4 | 39070 ||| FLEEEEING.
 39085 | Vaults:4 | HP: 42/210 [ironbound frostheart (16)]
 39086 | Vaults:4 | 39086 ||| READING 3 scrolls of teleportation.
 39087 | Vaults:4 | 39087 ||| DRINKING 5 potions of heal wounds.
 39088 | Vaults:4 | 39088 ||| INVOKING Heroism.
 39124 | Vaults:4 | 39124 ||| FLEEEEING.
 39125 | Vaults:4 | 39125 ||| FLEEEEING.
 39126 | Vaults:4 | 39126 ||| FLEEEEING.
 39127 | Vaults:4 | 39127 ||| FLEEEEING.
 39128 | Vaults:4 | 39128 ||| FLEEEEING.
 39129 | Vaults:4 | 39129 ||| FLEEEEING.
 39130 | Vaults:4 | 39130 ||| FLEEEEING.
 39131 | Vaults:4 | 39131 ||| FLEEEEING.
 39132 | Vaults:4 | 39132 ||| FLEEEEING.
 39133 | Vaults:4 | 39133 ||| FLEEEEING.
 39134 | Vaults:4 | 39134 ||| FLEEEEING.
 39135 | Vaults:4 | 39135 ||| FLEEEEING.
 39136 | Vaults:4 | 39136 ||| FLEEEEING.
 39137 | Vaults:4 | 39137 ||| FLEEEEING.
 39143 | Vaults:4 | 39143 ||| INVOKING Heroism.
 39428 | Vaults:4 | 39428 ||| INVOKING Heroism.
 39945 | Vaults:4 | Found Hiskuipe's Assorted Antiques.
 39948 | Vaults:4 | 39948 ||| BUYING glowing ring mail (147 gold).
 39948 | Vaults:4 | Bought a glowing ring mail for 147 gold pieces
 39985 | Vaults:4 | 39985 ||| Stepping ~*~*~tactically~*~*~ (outnumbered).
 39986 | Vaults:4 | 39986 ||| Stepping ~*~*~tactically~*~*~ (outnumbered).
 39987 | Vaults:4 | 39987 ||| Stepping ~*~*~tactically~*~*~ (outnumbered).
 39988 | Vaults:4 | 39988 ||| Stepping ~*~*~tactically~*~*~ (outnumbered).
 40012 | Vaults:4 | 40012 ||| INVOKING Heroism.
 40393 | Vaults:4 | 40393 ||| PLANNING SHOALS:4
 40393 | Vaults:4 | 40393 ||| DROPPING +0 ring mail of positive energy.
 40838 | Shoals:4 | Entered Level 4 of the Shoals
 40912 | Shoals:4 | 40912 ||| Stepping ~*~*~tactically~*~*~ (outnumbered).
 40934 | Shoals:4 | Received a gift from Okawaru
 40934 | Shoals:4 | Found the +0 pair of fencer's gloves {Riposte Dex+3}
 41015 | Shoals:4 | 41015 ||| INVOKING Heroism.
 41016 | Shoals:4 | 41016 ||| INVOKING Finesse.
 41017 | Shoals:4 | 41017 ||| Stepping ~*~*~tactically~*~*~ (outnumbered).
 41018 | Shoals:4 | 41018 ||| Stepping ~*~*~tactically~*~*~ (outnumbered).
 41020 | Shoals:4 | 41020 ||| Stepping ~*~*~tactically~*~*~ (outnumbered).
 41308 | Shoals:4 | 41308 ||| INVOKING Heroism.
 41309 | Shoals:4 | 41309 ||| INVOKING Finesse.
 41310 | Shoals:4 | 41310 ||| Stepping ~*~*~tactically~*~*~ (outnumbered).
 41368 | Shoals:4 | Identified the +5 ring mail of Zaz Boc {Harm +Blink rElec
                  | Regen+ rCorr Dex-2}
 41370 | Shoals:4 | Identified the amulet "Xesaot" {Spirit Str+3}
 41375 | Shoals:4 | Got a barnacled rune of Zot
 41410 | Shoals:4 | Reached skill level 26 in Fighting
 41645 | Shoals:4 | Reached XP level 21. HP: 212/221 MP: 27/27
 41671 | Shoals:4 | 41671 ||| Stepping ~*~*~tactically~*~*~ (outnumbered).
 41675 | Shoals:4 | 41675 ||| Stepping ~*~*~tactically~*~*~ (outnumbered).
 41677 | Shoals:4 | 41677 ||| Stepping ~*~*~tactically~*~*~ (outnumbered).
 41679 | Shoals:4 | Paralysed by an air elemental for 1 turns
 41688 | Shoals:4 | Reached skill level 15 in Armour
 41944 | Shoals:4 | 41944 ||| PLANNING DEPTHS
 41944 | Shoals:4 | 41944 ||| DROPPING +2 ring mail of poison resistance.
 41945 | Shoals:4 | 41945 ||| UPGRADING to +0 pair of fencer's gloves {Riposte
                  | Dex+3}.
 41955 | Shoals:4 | 41955 ||| DROPPING +2 pair of gloves.
 41956 | Shoals:4 | 41956 ||| DROPPING +2 pair of boots of stealth.
 41957 | Shoals:4 | 41957 ||| DROPPING +0 leather armour of cold resistance.
 41958 | Shoals:4 | 41958 ||| DROPPING amulet "Xesaot" {Spirit Str+3}.
 41959 | Shoals:4 | 41959 ||| DROPPING ring of protection from cold.
 42311 | Depths:1 | Entered Level 1 of the Depths
 42312 | Depths:1 | 42312 ||| INVOKING Finesse.
 42392 | Depths:1 | 42392 ||| INVOKING Heroism.
 42393 | Depths:1 | 42393 ||| INVOKING Finesse.
 42542 | Depths:1 | Found Igoemoim's Antique Armour Shop.
 42563 | Depths:1 | 42563 ||| Stepping ~*~*~tactically~*~*~ (outnumbered).
 42580 | Depths:1 | 42580 ||| INVOKING Heroism.
 42581 | Depths:1 | 42581 ||| INVOKING Finesse.
 42618 | Depths:1 | 42618 ||| BUYING pair of embroidered boots (322 gold).
 42618 | Depths:1 | Bought a pair of embroidered boots for 322 gold pieces
 42618 | Depths:1 | 42618 ||| BUYING tattered robe (245 gold).
 42618 | Depths:1 | Bought a tattered robe for 245 gold pieces
 42618 | Depths:1 | Identified the +1 robe of the Spider Nest {rF+} (You bought
                  | it in a shop on level 1 of the Depths)
 42686 | Depths:1 | Found Geroil's Magic Scroll Emporium.
 42691 | Depths:1 | 42691 ||| BUYING scroll of teleportation (60 gold).
 42691 | Depths:1 | Bought a scroll of teleportation for 60 gold pieces
 42696 | Depths:1 | Found an opulent altar of Gozag.
 42718 | Depths:1 | Found a gateway to Hell.
 42896 | Depths:1 | Found Fouck's Magic Scroll Emporium.
 42904 | Depths:1 | 42904 ||| SHOPLISTING scroll of acquirement (936 gold, have
                  | 50).
 42904 | Depths:1 | 42904 ||| SHOPLISTING scroll of enchant armour (135 gold,
                  | have 50).
 42904 | Depths:1 | 42904 ||| SHOPLISTING scroll of teleportation (54 gold,
                  | have 50).
 42949 | Depths:1 | 42949 ||| INVOKING Heroism.
 42951 | Depths:1 | 42951 ||| INVOKING Finesse.
 42956 | Depths:1 | Identified the +3 hat of the Eternal Fruit {Regen+ Slay+3}
                  | (Okawaru gifted it to you on level 1 of the Depths)
 42956 | Depths:1 | Received a gift from Okawaru
 43002 | Depths:1 | 43002 ||| INVOKING Heroism.
 43003 | Depths:1 | 43003 ||| INVOKING Finesse.
 43082 | Depths:1 | 43082 ||| Stepping ~*~*~tactically~*~*~ (outnumbered).
 43156 | Depths:1 | Reached skill level 27 in Fighting
 43159 | Depths:1 | 43159 ||| FLEEEEING.
 43161 | Depths:1 | 43161 ||| FLEEEEING.
 43162 | Depths:1 | 43162 ||| FLEEEEING.
 43870 | Depths:1 | 43870 ||| UPGRADING to +2 pair of boots of flying.
 43880 | Depths:1 | 43880 ||| DROPPING +1 robe of the Spider Nest {rF+}.
 43881 | Depths:1 | 43881 ||| DROPPING +2 pair of boots.
 43882 | Depths:1 | 43882 ||| UPGRADING to +3 hat of the Eternal Fruit {Regen+
                  | Slay+3}.
 43892 | Depths:1 | 43892 ||| DROPPING +2 hat.
 43910 | Depths:2 | Found a runed translucent door.
 43924 | Depths:2 | 43924 ||| STAIRDANCE
 44039 | Depths:2 | 44039 ||| INVOKING Heroism.
 44146 | Depths:2 | Noticed a juggernaut
 44146 | Depths:2 | 44146 ||| DRINKING potion of resistance.
 44147 | Depths:2 | 44147 ||| INVOKING Heroism.
 44157 | Depths:2 | Killed a juggernaut
 44211 | Depths:2 | 44211 ||| INVOKING Heroism.
 44243 | Depths:2 | 44243 ||| Stepping ~*~*~tactically~*~*~ (outnumbered).
 44245 | Depths:2 | 44245 ||| Stepping ~*~*~tactically~*~*~ (outnumbered).
 44246 | Depths:2 | 44246 ||| Stepping ~*~*~tactically~*~*~ (outnumbered).
 44306 | Depths:2 | 44306 ||| INVOKING Heroism.
 44318 | Depths:2 | 44318 ||| Stepping ~*~*~tactically~*~*~ (outnumbered).
 44346 | Depths:2 | 44346 ||| INVOKING Heroism.
 44349 | Depths:2 | 44349 ||| Stepping ~*~*~tactically~*~*~ (outnumbered).
 44357 | Depths:2 | HP: 45/224 [flayed ghost/flay_damage (13)]
 44358 | Depths:2 | 44358 ||| READING 5 scrolls of teleportation.
 44359 | Depths:2 | 44359 ||| DRINKING 6 potions of heal wounds.
 44718 | Depths:2 | Found a one-way gate to the infinite horrors of the Abyss.
 44724 | Depths:2 | Reached skill level 18 in Armour
 44778 | Depths:2 | 44778 ||| INVOKING Finesse.
 44779 | Depths:2 | 44779 ||| Stepping ~*~*~tactically~*~*~ (outnumbered).
 44782 | Depths:2 | 44782 ||| Stepping ~*~*~tactically~*~*~ (outnumbered).
 44783 | Depths:2 | 44783 ||| Stepping ~*~*~tactically~*~*~ (outnumbered).
 44833 | Depths:2 | 44833 ||| INVOKING Heroism.
 44836 | Depths:2 | 44836 ||| Stepping ~*~*~tactically~*~*~ (outnumbered).
 44941 | Depths:2 | Identified the +1 ring mail of Jocular Leaves {rN+}
 44952 | Depths:2 | 44952 ||| FLEEEEING.
 44953 | Depths:2 | 44953 ||| FLEEEEING.
 44955 | Depths:2 | 44955 ||| FLEEEEING.
 45048 | Depths:2 | 45048 ||| Stepping ~*~*~tactically~*~*~ (outnumbered).
 45054 | Depths:2 | 45054 ||| INVOKING Heroism.
 45068 | Depths:2 | Reached XP level 22. HP: 210/233 MP: 29/29
 45077 | Depths:2 | 45077 ||| Stepping ~*~*~tactically~*~*~ (outnumbered).
 45084 | Depths:2 | Reached skill level 21 in Ranged Weapons
 45244 | Depths:2 | 45244 ||| INVOKING Heroism.
 45245 | Depths:2 | 45245 ||| INVOKING Finesse.
 45284 | Depths:2 | 45284 ||| Stepping ~*~*~tactically~*~*~ (outnumbered).
 45324 | Depths:2 | 45324 ||| INVOKING Finesse.
 45531 | Depths:2 | Found a one-way gate leading to the halls of Pandemonium.
 45554 | Depths:2 | 45554 ||| DROPPING +1 ring mail of Jocular Leaves {rN+}.
 45555 | Depths:2 | 45555 ||| DROPPING +0 robe of willpower.
 45564 | Depths:3 | 45564 ||| INVOKING Finesse.
 45636 | Depths:3 | 45636 ||| INVOKING Heroism.
 45680 | Depths:3 | Found a one-way gateway to a ziggurat.
 45732 | Depths:3 | 45732 ||| INVOKING Heroism.
 45892 | Depths:3 | 45892 ||| INVOKING Heroism.
 45936 | Depths:3 | 45936 ||| INVOKING Heroism.
 46037 | Depths:3 | Noticed the Enchantress
 46038 | Depths:3 | 46038 ||| INVOKING Heroism.
 46040 | Depths:3 | 46040 ||| Stepping ~*~*~tactically~*~*~ (outnumbered).
 46054 | Depths:3 | 46054 ||| Stepping ~*~*~tactically~*~*~ (outnumbered).
 46065 | Depths:3 | 46065 ||| Stepping ~*~*~tactically~*~*~ (outnumbered).
 46068 | Depths:3 | 46068 ||| INVOKING Heroism.
 46070 | Depths:3 | 46070 ||| Stepping ~*~*~tactically~*~*~ (outnumbered).
 46084 | Depths:3 | Killed the Enchantress
 46156 | Depths:3 | Noticed Mennas
 46157 | Depths:3 | 46157 ||| INVOKING Heroism.
 46175 | Depths:3 | Killed Mennas
 46266 | Depths:3 | 46266 ||| INVOKING Heroism.
 46577 | Depths:3 | 46577 ||| INVOKING Finesse.
 46635 | Depths:3 | 46635 ||| Stepping ~*~*~tactically~*~*~ (outnumbered).
 46638 | Depths:3 | 46638 ||| Stepping ~*~*~tactically~*~*~ (outnumbered).
 46805 | Depths:3 | 46805 ||| DROPPING scarf of resistance.
 46933 | Depths:3 | Noticed an ancient lich
 46934 | Depths:3 | 46934 ||| INVOKING Heroism.
 46935 | Depths:3 | 46935 ||| INVOKING Finesse.
 46943 | Depths:3 | Killed an ancient lich
 46993 | Depths:4 | Entered Level 4 of the Depths
 46993 | Depths:4 | Found a snail-covered altar of Cheibriados.
 46996 | Depths:4 | 46996 ||| INVOKING Heroism.
 47086 | Depths:4 | 47086 ||| INVOKING Heroism.
 47156 | Depths:4 | 47156 ||| INVOKING Heroism.
 47201 | Depths:4 | Noticed a golden dragon
 47202 | Depths:4 | 47202 ||| INVOKING Heroism.
 47205 | Depths:4 | Killed a golden dragon
 47212 | Depths:4 | 47212 ||| INVOKING Finesse.
 47270 | Depths:4 | Noticed a golden dragon
 47272 | Depths:4 | 47272 ||| INVOKING Heroism.
 47273 | Depths:4 | 47273 ||| Stepping ~*~*~tactically~*~*~ (outnumbered).
 47292 | Depths:4 | Killed a golden dragon
 47292 | Depths:4 | Received a gift from Okawaru
 47335 | Depths:4 | 47335 ||| INVOKING Heroism.
 47348 | Depths:4 | 47348 ||| Stepping ~*~*~tactically~*~*~ (outnumbered).
 47365 | Depths:4 | Reached skill level 21 in Armour
 47380 | Depths:4 | 47380 ||| Stepping ~*~*~tactically~*~*~ (outnumbered).
 47384 | Depths:4 | 47384 ||| Stepping ~*~*~tactically~*~*~ (outnumbered).
 47390 | Depths:4 | 47390 ||| INVOKING Heroism.
 47408 | Depths:4 | 47408 ||| Stepping ~*~*~tactically~*~*~ (outnumbered).
 47459 | Depths:4 | 47459 ||| INVOKING Heroism.
 47601 | Depths:4 | Found a gate to the Realm of Zot.
 47675 | Depths:4 | Found a glowing golden altar of the Shining One.
 47858 | Depths:4 | Identified the +0 chain mail "Cunuvalu" {rCorr Str+4}
 47869 | Depths:4 | 47869 ||| PLANNING VAULTS:5
 47869 | Depths:4 | 47869 ||| DROPPING +2 robe of willpower.
 47870 | Depths:4 | 47870 ||| DROPPING ring of willpower.
 48055 | Vaults:5 | Entered Level 5 of the Vaults
 48066 | Vaults:5 | 48066 ||| STAIRDANCE
 48080 | Vaults:4 | 48080 ||| INVOKING Heroism.
 48149 | Vaults:5 | 48149 ||| STAIRDANCE
 48155 | Vaults:4 | Reached XP level 23. HP: 178/240 MP: 30/30
 48161 | Vaults:4 | 48161 ||| INVOKING Heroism.
 48224 | Vaults:5 | 48224 ||| INVOKING Heroism.
 48225 | Vaults:5 | 48225 ||| INVOKING Finesse.
 48258 | Vaults:5 | Reached skill level 12 in Invocations
 48268 | Vaults:5 | HP: 56/240 [quicksilver dragon (12)]
 48269 | Vaults:5 | 48269 ||| READING 5 scrolls of teleportation.
 48269 | Vaults:5 | HP: 7/240 [stone giant (29)]
 48270 | Vaults:5 | 48270 ||| DRINKING 6 potions of heal wounds.
 48270 | Vaults:5 | Slain by a titan

Levels and vault maps discovered:
D:1:      dpeg_arrival_three_same_balls, layout_loops_ring
D:2:      layout_basic, uniq_robin, uniq_jessica
D:3:      cheibrodos_thug_alley, layout_basic
D:4:      layout_basic, minmay_temple_entry_junction_2, serial_shops,
          nicolae_shop_tiny_statue_garden, kennysheep_generic_room_8, uniq_pikel
D:5:      layout_loops_ring, okawaru_ov_weapons_minmay,
          makhleb_altar_promises_db, dreamdust_princess_bridge
D:6:      layout_loops_ring, mainiacjoe_overflow_six_doors_small,
          chequers_serial_rivers_room_b, kennysheep_generic_room_4
D:7:      layout_loops_ring, mainiacjoe_overflow_24_doors, uniq_maggie
D:8:      layout_layer_cave, xom_teletrap_fun
D:9:      layout_basic, erik_lair_dragon, minmay_orc_entry_guard_dogs
D:10:     layout_grid_maze
D:11:     layout_irregular_city, nicolae_vehumet_radiance, uniq_nergalle
D:12:     layout_long_grid, gammafunk_ghost_necromancy,
          nemelex_lonely_heart_becter
D:13:     minmay_crescents, layout_basic, uniq_azrael, uniq_erolcha,
          uniq_frances
D:14:     layout_loops_ring, erik_vaults_1, nicolae_ashenzari_panopticon,
          serial_shops, shop
D:15:     gammafunk_enter_depths_forms, layout_irregular_city, basic_altar
Temple:   hellmonk_temple_divided_pantheon
Lair:1:   dragon1_lemuel, layout_misc_corridors
Lair:2:   layout_regular_city, nicolae_lair_grazing_beasts
          [nicolae_sub_lair_graze_edge, nicolae_sub_lair_graze_edge,
          nicolae_sub_lair_graze_edge, nicolae_sub_lair_graze_edge],
          lemuel_fruit_fields
Lair:3:   layout_big_grid, elwin_shoals_entry_stream,
          minmay_snake_entry_guardpost_small
Lair:4:   layout_misc_corridors
Lair:5:   hangedman_lair_caniforms_friends, layout_gridlike, wormcave,
          slime_entry_2, basic_altar, kilobyte_rumbling_trees,
          serial_bayou_shore_b
Shoals:1: layout_shoals, ebering_ghost_gozag, nicolae_shoals_square_sea_wall,
          uniq_kirke
Shoals:2: layout_shoals
Shoals:3: layout_shoals, nicolae_specific_store, st_sunken_temple, uniq_ilsuiw,
          uniq_roxanne
Shoals:4: shoals_end_hellmonk_storm_palace [storm_palace_center_ruins,
          storm_palace_corner_pillars, storm_palace_corner_pillars,
          storm_palace_corner_blocked, storm_palace_corner_pillars],
          serial_shops
Snake:1:  kennysheep_snake, layout_chambers, uniq_aizul
Snake:2:  layout_grid_maze, nicolae_snake_snakes_in_the_grass
Snake:3:  layout_basic, nicolae_snake_salamander_stairs, serial_bayou_shore_b,
          grunt_megastairs_1
Snake:4:  snake_pit_salamanders_mu, layout_misc_corridors, serial_bayou_shore_b,
          minmay_shop_grove
Orc:1:    layout_diamond_mine, gammafunk_ghost_smash, portal_ice_cave_rime,
          uniq_snorg
Orc:2:    grunt_orc_tribal_feast, layout_diamond_mine, basic_altar,
          minmay_orc_temple_a
Vaults:1: ebering_ghost_rock_garden, grunt_vaults_focal, st_smaller_cells,
          v_misc_15, nicolae_vaults_shrinking_rooms_2,
          nicolae_vaults_little_squares_1, nicolae_vaults_storage_closets_2,
          nicolae_vaults_house_3, nicolae_vaults_sesquioval_fish,
          nicolae_vaults_trapezoid_lopsided_2, nicolae_vaults_surprise_closet,
          layout_vaults_maze, nicolae_trove_entry_crystal, uniq_saint_roka
Vaults:2: nicolae_vaults_network_quincunx
          [nicolae_vaults_network_quincunx_subvault,
          nicolae_vaults_network_quincunx_subvault,
          nicolae_vaults_network_quincunx_subvault,
          nicolae_vaults_network_quincunx_subvault,
          nicolae_vaults_network_quincunx_subvault],
          nicolae_vaults_doubleplus_tesselated, vaults_room_door_ring,
          nicolae_vaults_security_offices_3, minmay_crypt_entry_skeletal_spiral,
          vaults_dpeg_emergency_exit, ontoclasm_vaults_eye,
          nicolae_vaults_trapezoid_1, v_misc_28, hangedman_vaults_cutoff,
          nicolae_vaults_mitosis, layout_vaults_omnibox, serial_shops,
          nicolae_shop_trees
Vaults:3: nicolae_vaults_diagonal_hallway_8, nicolae_vaults_diamond_1,
          nicolae_vaults_triangles, nicolae_vaults_more_shelving_1,
          nicolae_vaults_diamond_2, hangedman_vaults_locks,
          nicolae_vaults_house_3, ontoclasm_vaults_pinch,
          nicolae_vaults_little_squares_6, hangedman_vaults_snaps,
          layout_vaults_big_room
Vaults:4: nicolae_vaults_network_barrier, vaults_mumra_hexcomb,
          hangedman_vaults_slice, vaults_room_pool,
          nicolae_vaults_sesquioval_fish, nicolae_vaults_what_the_h,
          layout_vaults_quadrants, serial_shops, nicolae_shop_hallway_stairs
Vaults:5
Depths:1: layout_honeycomb, grunt_mini_vestibule, serial_shops, shop,
          nicolae_shop_pleasant_corner_grove, shop_statue, nicolae_eternal_life,
          grunt_ministairs_7, nicolae_gozag_cash_rules_everything_around_me
Depths:2: kennysheep_large_vault, layout_cave_pools, grunt_hell_entry_dis_mu,
          rand_demon_pan_entry_1, abyss_entry_crystal, minmay_acid_items
Depths:3: minmay_diamond_stairs, layout_basic, enter_ziggurat_a,
          serial_sigils_hangedman_carve, hell_entry, minmay_room_of_horrors,
          nrook_campfire, uniq_mennas, uniq_enchantress
Depths:4: evilmike_zot_entry_diamond, layout_twisted_cross, hell_entry,
          nicolae_tso_swordbearing_angel, slow_altar_1, uniq_jory

Skill      XL: |  1  2  3  4  5  6  7  8  9 10 11 12 13 14 15 16 17 18 19 20 21 22 23 |
---------------+----------------------------------------------------------------------+-----
Ranged Weapons | 5 6 7 9 10 12 14 15 17 19 20 22 | 22.0
Fighting       | 3 4 5 7 10 11 12 13 15 18 20 22 24 26 27 | 27.0
Dodging        | 3 4 5 6 7 8 9 10 13 15 17 19 21 22 | 22.0
Armour         | 2 3 4 5 6 8 10 11 12 13 14 18 21 22 | 22.0
Invocations    | 3 4 7 10 11 12 | 12.0
Stealth        | |  0.7

Action                     |  1- 3 |  4- 6 |  7- 9 | 10-12 | 13-15 | 16-18 | 19-21 | 22-24 || total
---------------------------+-------+-------+-------+-------+-------+-------+-------+-------++-------
   Fire: Shortbow          |   105 |   171 |     1 |       |       |       |       |       ||   277
         Orcbow            |       |       |    70 |       |       |       |       |       ||    70
         Arbalest          |       |       |    12 |       |       |       |       |       ||    12
         Longbow           |       |       |   145 |   550 |   782 |  1699 |  1955 |   675 ||  5806
 Invoke: Heroism           |       |       |     5 |    27 |    18 |    44 |    29 |    21 ||   144
         Finesse           |       |       |       |     1 |     3 |     1 |    14 |     7 ||    26
    Use: Scroll            |     2 |     4 |    14 |     4 |     7 |     7 |     3 |     1 ||    42
         Potion            |     1 |     4 |       |     3 |     6 |     4 |     5 |     1 ||    24
 Armour: Leather armour    |    10 |     6 |     1 |       |       |       |       |       ||    17
         Ring mail         |       |       |    21 |    57 |   104 |    91 |    98 |    75 ||   446
  Dodge: Dodged            |    35 |    41 |    74 |   178 |   378 |   612 |  1054 |   538 ||  2910
  Block: Other             |       |       |    11 |    48 |    79 |   109 |       |       ||   247
         Reflection        |       |       |     2 |     1 |     2 |    20 |       |       ||    25

Table legend:
 A = Non-vault XP
 B = Vault XP
 C = Vault XP percentage of total XP
 D = Non-vault monster count
 E = Vault monster count
 F = Vault count percentage of total count
                 A         B        C        D         E       F
            +---------+---------+-------+---------+---------+-------
      Total |  458204 |  357928 |  43.9 |    1115 |     593 |  34.7
            +---------+---------+-------+---------+---------+-------
        D:1 |      53 |       0 |   0.0 |      29 |       0 |   0.0
        D:2 |      36 |      71 |  66.4 |      18 |      12 |  40.0
        D:3 |     162 |     114 |  41.3 |      29 |       9 |  23.7
        D:4 |     309 |     607 |  66.3 |       9 |       1 |  10.0
        D:5 |     474 |       0 |   0.0 |      18 |       0 |   0.0
        D:6 |    1171 |       0 |   0.0 |      33 |       0 |   0.0
        D:7 |    2221 |     389 |  14.9 |      23 |       1 |   4.2
        D:8 |    1020 |       0 |   0.0 |      25 |       0 |   0.0
        D:9 |    1645 |    1764 |  51.7 |      15 |       9 |  37.5
       D:10 |    3580 |       0 |   0.0 |      25 |       0 |   0.0
       D:11 |    3402 |     777 |  18.6 |      24 |       1 |   4.0
       D:12 |    6669 |       0 |   0.0 |      18 |       0 |   0.0
       D:13 |    7449 |   17299 |  69.9 |      17 |      31 |  64.6
       D:14 |    4077 |    1654 |  28.9 |      12 |       2 |  14.3
       D:15 |   12796 |    5722 |  30.9 |      32 |      10 |  23.8
     Lair:1 |    3408 |     869 |  20.3 |      17 |       1 |   5.6
     Lair:2 |    6513 |    2445 |  27.3 |      26 |       8 |  23.5
     Lair:3 |    8753 |    1983 |  18.5 |      31 |       8 |  20.5
     Lair:4 |    7047 |     306 |   4.2 |      24 |       1 |   4.0
     Lair:5 |   25088 |   11903 |  32.2 |      75 |      62 |  45.3
   Shoals:1 |   12386 |    1850 |  13.0 |      24 |       3 |  11.1
   Shoals:2 |   16241 |       0 |   0.0 |      35 |       0 |   0.0
   Shoals:3 |    6279 |    8234 |  56.7 |      16 |      11 |  40.7
   Shoals:4 |   11263 |   24009 |  68.1 |      25 |      47 |  65.3
    Snake:1 |    3508 |   19148 |  84.5 |       9 |      35 |  79.5
    Snake:2 |   11528 |    3480 |  23.2 |      21 |       6 |  22.2
    Snake:3 |   22201 |    3614 |  14.0 |      42 |       6 |  12.5
    Snake:4 |   27785 |   26888 |  49.2 |      52 |      44 |  45.8
      Orc:1 |     630 |    1679 |  72.7 |      14 |       3 |  17.6
      Orc:2 |    3864 |    7562 |  66.2 |      44 |      37 |  45.7
   Vaults:1 |   28246 |   17329 |  38.0 |      41 |      25 |  37.9
   Vaults:2 |   20633 |   36974 |  64.2 |      34 |      52 |  60.5
   Vaults:3 |   37775 |   14828 |  28.2 |      55 |      20 |  26.7
   Vaults:4 |   22510 |   30090 |  57.2 |      32 |      34 |  51.5
   Vaults:5 |    1643 |   10801 |  86.8 |       2 |      11 |  84.6
   Depths:1 |   45786 |    8324 |  15.4 |      57 |      10 |  14.9
   Depths:2 |   37278 |   53826 |  59.1 |      54 |      51 |  48.6
   Depths:3 |   21913 |   29329 |  57.2 |      24 |      31 |  56.4
   Depths:4 |   30862 |   14060 |  31.3 |      34 |      11 |  24.4
            +---------+---------+-------+---------+---------+-------
